Workbook

Sheet Orçamento Sintético
D1: CONSTRUTORA SOUSA CAMPOS: 19.175.657/0001-18 | E1: Bancos | G1: B.D.I. | I1: Encargos Sociais
D2: OBRA: CONTRATAÇÃO DE EMPRESA PARA CONSTRUÇÃO DE UMA ESCOLA COM 06 (SEIS) SALAS DE AULA NO MUNICÍPIO DE MOGEIRO–PB | E2: SINAPI - 04/2023 SBC - 05/2023 ORSE - 05/2023 SEINFRA - 05/2021 | G2: 22,47% | I2: ORSE 111,93 / 71,07 SBC 113,45 / - SEINFRA 112,76 / 71,07 SINAPI 113,42 / 69,75 PROPRIA
A3: PLANILHA ORÇAMENTÁRIA | K3: FEVEREIRO - MEDIÇÃO 01 | Q3: MARÇO/ABRIL - MEDIÇÃO 02 | W3: MAIO - MEDIÇÃO 03 | AE3: JUNHO - MEDIÇÃO 03
A4: Item | B4: Código | C4: Banco | D4: Descrição | E4: Und | F4: Quant. | G4: Valor Unit | H4: Valor Unit com BDI | I4: Total | J4: Peso (%) | K4: MEDIÇÃO | M4: ACUMULADO | O4: SALDO | Q4: MEDIÇÃO | S4: ACUMULADO | U4: SALDO | W4: META | Y4: MEDIÇÃO | AA4: ACUMULADO | AC4: SALDO | AE4: META | AG4: MEDIÇÃO | AI4: ACUMULADO | AK4: SALDO
K5: QUANT. | L5: VALOR | M5: UNIDADE | N5: % | O5: UNIDADE | P5: VALOR | Q5: QUANT. | R5: VALOR | S5: UNIDADE | T5: % | U5: UNIDADE | V5: VALOR | W5: QUANT. | X5: VALOR | Y5: QUANT. | Z5: VALOR | AA5: UNIDADE | AB5: % | AC5: UNIDADE | AD5: VALOR | AE5: QUANT. | AF5: VALOR | AG5: QUANT. | AH5: VALOR | AI5: UNIDADE | AJ5: % | AK5: UNIDADE | AL5: VALOR
A6: 1 | D6: SERVIÇOS PRELIMINARES | I6: 73151.73 | J6: 0.05221394 | L6: =SUM(L7:L16) -> 53166.7 | P6: =SUM(P7:P16) -> 19985.034 | V6: =SUM(V7:V16) -> 2684.739 | AD6: =SUM(AD7:AD16) -> 2684.739 | AL6: =SUM(AL7:AL16) -> 2684.739
A7: 1.1 | B7: 51 | C7: ORSE | D7: Placa de obra em chapa aço galvanizado, instalada - Rev 02_01/2022 | E7: m² | F7: 10 | G7: 254.25 | H7: 311.37 | I7: 3113.7 | J7: 0.0022224839 | K7: 10 | L7: =K7*H7 -> 3113.7 | M7: =K7 -> 10 | N7: =M7/F7 -> 1 | O7: =F7-M7 -> 0 | P7: =O7*H7 -> 0 | R7: =Q7*H7 -> 0 | S7: =M7+Q7 -> 10 | T7: =S7/$F$8 -> 0.056818182 | U7: =F7-S7 -> 0 | V7: =U7*H7 -> 0 | X7: =W7*H7 -> 0 | AA7: =S7+Y7 -> 10 | AB7: =AA7/$F$8 -> 0.056818182 | AC7: =F7-AA7 -> 0 | AD7: =AC7*H7 -> 0 | AF7: =AE7*P7 -> 0 | AI7: =AA7+AG7 -> 10 | AJ7: =AI7/$F$8 -> 0.056818182 | AK7: =F7-AI7 -> 0 | AL7: =AK7*H7 -> 0
A8: 1.2 | B8: 98458 | C8: SINAPI | D8: TAPUME COM COMPENSADO DE MADEIRA. AF_05/2018 | E8: m² | F8: 176 | G8: 75.78 | H8: 92.8 | I8: 16332.8 | J8: 0.011657959 | K8: 176 | L8: =K8*H8 -> 16332.8 | M8: =K8 -> 176 | N8: =M8/F8 -> 1 | O8: =F8-M8 -> 0 | P8: =O8*H8 -> 0 | R8: =Q8*H8 -> 0 | S8: =M8+Q8 -> 176 | T8: =S8/$F$8 -> 1 | U8: =F8-S8 -> 0 | V8: =U8*H8 -> 0 | X8: =W8*H8 -> 0 | AA8: =S8+Y8 -> 176 | AB8: =AA8/$F$8 -> 1 | AC8: =F8-AA8 -> 0 | AD8: =AC8*H8 -> 0 | AF8: =AE8*P8 -> 0 | AI8: =AA8+AG8 -> 176 | AJ8: =AI8/$F$8 -> 1 | AK8: =F8-AI8 -> 0 | AL8: =AK8*H8 -> 0
A9: 1.3 | B9: C2850 | C9: SEINFRA | D9: INSTALAÇÕES PROVISÓRIAS DE LUZ , FORÇA,TELEFONE E LÓGICA | E9: UN | F9: 1 | G9: 931.54 | H9: 1140.85 | I9: 1140.85 | J9: 0.00081431121 | L9: =K9*H9 -> 0 | M9: =K9 -> 0 | N9: =M9/F9 -> 0 | O9: =F9-M9 -> 1 | P9: =O9*H9 -> 1140.85 | Q9: 1 | R9: =Q9*H9 -> 1140.85 | S9: =M9+Q9 -> 1 | T9: =S9/$F$8 -> 0.0056818182 | U9: =F9-S9 -> 0 | V9: =U9*H9 -> 0 | X9: =W9*H9 -> 0 | AA9: =S9+Y9 -> 1 | AB9: =AA9/$F$8 -> 0.0056818182 | AC9: =F9-AA9 -> 0 | AD9: =AC9*H9 -> 0 | AF9: =AE9*P9 -> 0 | AI9: =AA9+AG9 -> 1 | AJ9: =AI9/$F$8 -> 0.0056818182 | AK9: =F9-AI9 -> 0 | AL9: =AK9*H9 -> 0
A10: 1.4 | B10: 93214 | C10: SINAPI | D10: EXECUÇÃO DE RESERVATÓRIO ELEVADO DE ÁGUA (1000 LITROS) EM CANTEIRO DE OBRA, APOIADO EM ESTRUTURA DE MADEIRA. AF_02/2016_PA | E10: UN | F10: 1 | G10: 3683.51 | H10: 4511.19 | I10: 4511.19 | J10: 0.0032199786 | L10: =K10*H10 -> 0 | M10: =K10 -> 0 | N10: =M10/F10 -> 0 | O10: =F10-M10 -> 1 | P10: =O10*H10 -> 4511.19 | Q10: 1 | R10: =Q10*H10 -> 4511.19 | S10: =M10+Q10 -> 1 | T10: =S10/$F$8 -> 0.0056818182 | U10: =F10-S10 -> 0 | V10: =U10*H10 -> 0 | X10: =W10*H10 -> 0 | AA10: =S10+Y10 -> 1 | AB10: =AA10/$F$8 -> 0.0056818182 | AC10: =F10-AA10 -> 0 | AD10: =AC10*H10 -> 0 | AF10: =AE10*P10 -> 0 | AI10: =AA10+AG10 -> 1 | AJ10: =AI10/$F$8 -> 0.0056818182 | AK10: =F10-AI10 -> 0 | AL10: =AK10*H10 -> 0
A11: 1.5 | B11: C2832 | C11: SEINFRA | D11: FOSSA SÉPTICA E SUMIDOURO EM ALVENARIA | E11: UN | F11: 1 | G11: 3590.77 | H11: 4397.61 | I11: 4397.61 | J11: 0.0031389079 | L11: =K11*H11 -> 0 | M11: =K11 -> 0 | N11: =M11/F11 -> 0 | O11: =F11-M11 -> 1 | P11: =O11*H11 -> 4397.61 | Q11: 1 | R11: =Q11*H11 -> 4397.61 | S11: =M11+Q11 -> 1 | T11: =S11/$F$8 -> 0.0056818182 | U11: =F11-S11 -> 0 | V11: =U11*H11 -> 0 | X11: =W11*H11 -> 0 | AA11: =S11+Y11 -> 1 | AB11: =AA11/$F$8 -> 0.0056818182 | AC11: =F11-AA11 -> 0 | AD11: =AC11*H11 -> 0 | AF11: =AE11*P11 -> 0 | AI11: =AA11+AG11 -> 1 | AJ11: =AI11/$F$8 -> 0.0056818182 | AK11: =F11-AI11 -> 0 | AL11: =AK11*H11 -> 0
A12: 1.6 | B12: 93212 | C12: SINAPI | D12: EXECUÇÃO DE SANITÁRIO E VESTIÁRIO EM CANTEIRO DE OBRA EM CHAPA DE MADEIRA COMPENSADA, NÃO INCLUSO MOBILIÁRIO. AF_02/2016 | E12: m² | F12: 2.52 | G12: 679.04 | H12: 831.62 | I12: 2095.68 | J12: 0.0014958458 | L12: =K12*H12 -> 0 | M12: =K12 -> 0 | N12: =M12/F12 -> 0 | O12: =F12-M12 -> 2.52 | P12: =O12*H12 -> 2095.6824 | Q12: 2.52 | R12: =Q12*H12 -> 2095.6824 | S12: =M12+Q12 -> 2.52 | T12: =S12/$F$8 -> 0.014318182 | U12: =F12-S12 -> 0 | V12: =U12*H12 -> 0 | X12: =W12*H12 -> 0 | AA12: =S12+Y12 -> 2.52 | AB12: =AA12/$F$8 -> 0.014318182 | AC12: =F12-AA12 -> 0 | AD12: =AC12*H12 -> 0 | AF12: =AE12*P12 -> 0 | AI12: =AA12+AG12 -> 2.52 | AJ12: =AI12/$F$8 -> 0.014318182 | AK12: =F12-AI12 -> 0 | AL12: =AK12*H12 -> 0
A13: 1.7 | B13: 93207 | C13: SINAPI | D13: EXECUÇÃO DE ESCRITÓRIO EM CANTEIRO DE OBRA EM CHAPA DE MADEIRA COMPENSADA, NÃO INCLUSO MOBILIÁRIO E EQUIPAMENTOS. AF_02/2016 | E13: m² | F13: 20 | G13: 729.35 | H13: 893.23 | I13: 17864.6 | J13: 0.01275132 | K13: 20 | L13: =K13*H13 -> 17864.6 | M13: =K13 -> 20 | N13: =M13/F13 -> 1 | O13: =F13-M13 -> 0 | P13: =O13*H13 -> 0 | R13: =Q13*H13 -> 0 | S13: =M13+Q13 -> 20 | T13: =S13/$F$8 -> 0.11363636 | U13: =F13-S13 -> 0 | V13: =U13*H13 -> 0 | X13: =W13*H13 -> 0 | AA13: =S13+Y13 -> 20 | AB13: =AA13/$F$8 -> 0.11363636 | AC13: =F13-AA13 -> 0 | AD13: =AC13*H13 -> 0 | AF13: =AE13*P13 -> 0 | AI13: =AA13+AG13 -> 20 | AJ13: =AI13/$F$8 -> 0.11363636 | AK13: =F13-AI13 -> 0 | AL13: =AK13*H13 -> 0
A14: 1.8 | B14: 93584 | C14: SINAPI | D14: EXECUÇÃO DE DEPÓSITO EM CANTEIRO DE OBRA EM CHAPA DE MADEIRA COMPENSADA, NÃO INCLUSO MOBILIÁRIO. AF_04/2016 | E14: m² | F14: 20 | G14: 598.34 | H14: 732.78 | I14: 14655.6 | J14: 0.010460814 | K14: 20 | L14: =K14*H14 -> 14655.6 | M14: =K14 -> 20 | N14: =M14/F14 -> 1 | O14: =F14-M14 -> 0 | P14: =O14*H14 -> 0 | R14: =Q14*H14 -> 0 | S14: =M14+Q14 -> 20 | T14: =S14/$F$8 -> 0.11363636 | U14: =F14-S14 -> 0 | V14: =U14*H14 -> 0 | X14: =W14*H14 -> 0 | AA14: =S14+Y14 -> 20 | AB14: =AA14/$F$8 -> 0.11363636 | AC14: =F14-AA14 -> 0 | AD14: =AC14*H14 -> 0 | AF14: =AE14*P14 -> 0 | AI14: =AA14+AG14 -> 20 | AJ14: =AI14/$F$8 -> 0.11363636 | AK14: =F14-AI14 -> 0 | AL14: =AK14*H14 -> 0
A15: 1.9 | B15: C1630 | C15: SEINFRA | D15: LOCAÇÃO DA OBRA - EXECUÇÃO DE GABARITO | E15: m² | F15: 1129.64 | G15: 5.67 | H15: 6.94 | I15: 7839.7 | J15: 0.0055957887 | L15: =K15*H15 -> 0 | M15: =K15 -> 0 | N15: =M15/F15 -> 0 | O15: =F15-M15 -> 1129.64 | P15: =O15*H15 -> 7839.7016 | Q15: 742.79 | R15: =Q15*H15 -> 5154.9626 | S15: =M15+Q15 -> 742.79 | T15: =S15/$F$8 -> 4.2203977 | U15: =F15-S15 -> 386.85 | V15: =U15*H15 -> 2684.739 | X15: =W15*H15 -> 0 | AA15: =S15+Y15 -> 742.79 | AB15: =AA15/$F$8 -> 4.2203977 | AC15: =F15-AA15 -> 386.85 | AD15: =AC15*H15 -> 2684.739 | AF15: =AE15*P15 -> 0 | AI15: =AA15+AG15 -> 742.79 | AJ15: =AI15/$F$8 -> 4.2203977 | AK15: =F15-AI15 -> 386.85 | AL15: =AK15*H15 -> 2684.739
A16: 1.10 | B16: 98525 | C16: SINAPI | D16: LIMPEZA MECANIZADA DE CAMADA VEGETAL, VEGETAÇÃO E PEQUENAS ÁRVORES (DIÂMETRO DE TRONCO MENOR QUE 0,20 M), COM TRATOR DE ESTEIRAS.AF_05/2018 | E16: m² | F16: 4000 | G16: 0.25 | H16: 0.3 | I16: 1200 | J16: 0.00085653105 | K16: 4000 | L16: =K16*H16 -> 1200 | M16: =K16 -> 4000 | N16: =M16/F16 -> 1 | O16: =F16-M16 -> 0 | P16: =O16*H16 -> 0 | R16: =Q16*H16 -> 0 | S16: =M16+Q16 -> 4000 | T16: =S16/$F$8 -> 22.727273 | U16: =F16-S16 -> 0 | V16: =U16*H16 -> 0 | X16: =W16*H16 -> 0 | AA16: =S16+Y16 -> 4000 | AB16: =AA16/$F$8 -> 22.727273 | AC16: =F16-AA16 -> 0 | AD16: =AC16*H16 -> 0 | AF16: =AE16*P16 -> 0 | AI16: =AA16+AG16 -> 4000 | AJ16: =AI16/$F$8 -> 22.727273 | AK16: =F16-AI16 -> 0 | AL16: =AK16*H16 -> 0
A17: 2 | D17: MOVIMENTO DE TERRAS PARA FUNDAÇÕES | I17: 31327.78 | J17: 0.022361014 | P17: =SUM(P18:P21) -> 31327.807 | V17: =SUM(V18:V21) -> 22239.999 | AD17: =SUM(AD18:AD21) -> 22239.999 | AL17: =SUM(AL18:AL21) -> 22239.999
A18: 2.1 | B18: 94319 | C18: SINAPI | D18: ATERRO MANUAL DE VALAS COM SOLO ARGILO-ARENOSO E COMPACTAÇÃO MECANIZADA. AF_05/2016 | E18: m³ | F18: 168.5 | G18: 54 | H18: 66.13 | I18: 11142.9 | J18: 0.0079535332 | L18: =K18*H18 -> 0 | M18: =K18 -> 0 | N18: =M18/F18 -> 0 | O18: =F18-M18 -> 168.5 | P18: =O18*H18 -> 11142.905 | Q18: ='MEMORIA DE CALCULO'!H94 -> 54.3828 | R18: =Q18*H18 -> 3596.3346 | S18: =M18+Q18 -> 54.3828 | T18: =S18/$F$8 -> 0.30899318 | U18: =F18-S18 -> 114.1172 | V18: =U18*H18 -> 7546.5704 | X18: =W18*H18 -> 0 | AA18: =S18+Y18 -> 54.3828 | AB18: =AA18/$F$8 -> 0.30899318 | AC18: =F18-AA18 -> 114.1172 | AD18: =AC18*H18 -> 7546.5704 | AF18: =AE18*P18 -> 0 | AI18: =AA18+AG18 -> 54.3828 | AJ18: =AI18/$F$8 -> 0.30899318 | AK18: =F18-AI18 -> 114.1172 | AL18: =AK18*H18 -> 7546.5704
A19: 2.2 | B19: 93358 | C19: SINAPI | D19: ESCAVAÇÃO MANUAL DE VALA COM PROFUNDIDADE MENOR OU IGUAL A 1,30 M. AF_02/2021 | E19: m³ | F19: 94.33 | G19: 56.41 | H19: 69.08 | I19: 6516.31 | J19: 0.0046511849 | L19: =K19*H19 -> 0 | M19: =K19 -> 0 | N19: =M19/F19 -> 0 | O19: =F19-M19 -> 94.33 | P19: =O19*H19 -> 6516.3164 | Q19: ='MEMORIA DE CALCULO'!H103 -> 79.4944 | R19: =Q19*H19 -> 5491.4732 | S19: =M19+Q19 -> 79.4944 | T19: =S19/$F$8 -> 0.45167273 | U19: =F19-S19 -> 14.8356 | V19: =U19*H19 -> 1024.8432 | X19: =W19*H19 -> 0 | AA19: =S19+Y19 -> 79.4944 | AB19: =AA19/$F$8 -> 0.45167273 | AC19: =F19-AA19 -> 14.8356 | AD19: =AC19*H19 -> 1024.8432 | AF19: =AE19*P19 -> 0 | AI19: =AA19+AG19 -> 79.4944 | AJ19: =AI19/$F$8 -> 0.45167273 | AK19: =F19-AI19 -> 14.8356 | AL19: =AK19*H19 -> 1024.8432
A20: 2.3 | B20: 94319 | C20: SINAPI | D20: ATERRO MANUAL DE VALAS COM SOLO ARGILO-ARENOSO E COMPACTAÇÃO MECANIZADA. AF_05/2016 | E20: m³ | F20: 184.58 | G20: 54 | H20: 66.13 | I20: 12206.27 | J20: 0.008712541 | L20: =K20*H20 -> 0 | M20: =K20 -> 0 | N20: =M20/F20 -> 0 | O20: =F20-M20 -> 184.58 | P20: =O20*H20 -> 12206.275 | R20: =Q20*H20 -> 0 | S20: =M20+Q20 -> 0 | T20: =S20/$F$8 -> 0 | U20: =F20-S20 -> 184.58 | V20: =U20*H20 -> 12206.275 | X20: =W20*H20 -> 0 | AA20: =S20+Y20 -> 0 | AB20: =AA20/$F$8 -> 0 | AC20: =F20-AA20 -> 184.58 | AD20: =AC20*H20 -> 12206.275 | AF20: =AE20*P20 -> 0 | AI20: =AA20+AG20 -> 0 | AJ20: =AI20/$F$8 -> 0 | AK20: =F20-AI20 -> 184.58 | AL20: =AK20*H20 -> 12206.275
A21: 2.4 | B21: 93382 | C21: SINAPI | D21: REATERRO MANUAL DE VALAS COM COMPACTAÇÃO MECANIZADA. AF_04/2016 | E21: m³ | F21: 55.58 | G21: 21.49 | H21: 26.31 | I21: 1462.3 | J21: 0.0010437545 | L21: =K21*H21 -> 0 | M21: =K21 -> 0 | N21: =M21/F21 -> 0 | O21: =F21-M21 -> 55.58 | P21: =O21*H21 -> 1462.3098 | R21: =Q21*H21 -> 0 | S21: =M21+Q21 -> 0 | T21: =S21/$F$8 -> 0 | U21: =F21-S21 -> 55.58 | V21: =U21*H21 -> 1462.3098 | X21: =W21*H21 -> 0 | AA21: =S21+Y21 -> 0 | AB21: =AA21/$F$8 -> 0 | AC21: =F21-AA21 -> 55.58 | AD21: =AC21*H21 -> 1462.3098 | AF21: =AE21*P21 -> 0 | AI21: =AA21+AG21 -> 0 | AJ21: =AI21/$F$8 -> 0 | AK21: =F21-AI21 -> 55.58 | AL21: =AK21*H21 -> 1462.3098
A22: 3 | D22: FUNDAÇÕES | I22: 110557.96 | J22: 0.078913605
A23: 3.1 | D23: CONCRETO ARMADO PARA FUNDAÇÕES | I23: 40612.69 | J23: 0.028988358 | P23: =SUM(P24:P31) -> 40612.733 | V23: =SUM(V24:V31) -> 12783.284 | AD23: =SUM(AD24:AD31) -> 12783.284 | AL23: =SUM(AL24:AL31) -> 12783.284
A24: 3.1.1 | B24: 96619 | C24: SINAPI | D24: LASTRO DE CONCRETO MAGRO, APLICADO EM BLOCOS DE COROAMENTO OU SAPATAS, ESPESSURA DE 5 CM. AF_08/2017 | E24: m² | F24: 61.88 | G24: 22.37 | H24: 27.39 | I24: 1694.89 | J24: 0.0012097716 | L24: =K24*H24 -> 0 | M24: =K24 -> 0 | N24: =M24/F24 -> 0 | O24: =F24-M24 -> 61.88 | P24: =O24*H24 -> 1694.8932 | Q24: ='MEMORIA DE CALCULO'!H114 -> 26.434 | R24: =Q24*H24 -> 724.02726 | S24: =M24+Q24 -> 26.434 | T24: =S24/$F$8 -> 0.15019318 | U24: =F24-S24 -> 35.446 | V24: =U24*H24 -> 970.86594 | X24: =W24*H24 -> 0 | AA24: =S24+Y24 -> 26.434 | AB24: =AA24/$F$8 -> 0.15019318 | AC24: =F24-AA24 -> 35.446 | AD24: =AC24*H24 -> 970.86594 | AF24: =AE24*P24 -> 0 | AI24: =AA24+AG24 -> 26.434 | AJ24: =AI24/$F$8 -> 0.15019318 | AK24: =F24-AI24 -> 35.446 | AL24: =AK24*H24 -> 970.86594
A25: 3.1.2 | B25: 96535 | C25: SINAPI | D25: FABRICAÇÃO, MONTAGEM E DESMONTAGEM DE FÔRMA PARA SAPATA, EM MADEIRA SERRADA, E=25 MM, 4 UTILIZAÇÕES. AF_06/2017 | E25: m² | F25: 165.15 | G25: 104.74 | H25: 128.27 | I25: 21183.79 | J25: 0.015120478 | L25: =K25*H25 -> 0 | M25: =K25 -> 0 | N25: =M25/F25 -> 0 | O25: =F25-M25 -> 165.15 | P25: =O25*H25 -> 21183.791 | Q25: ='MEMORIA DE CALCULO'!H123 -> 112.3 | R25: =Q25*H25 -> 14404.721 | S25: =M25+Q25 -> 112.3 | T25: =S25/$F$8 -> 0.63806818 | U25: =F25-S25 -> 52.85 | V25: =U25*H25 -> 6779.0695 | X25: =W25*H25 -> 0 | AA25: =S25+Y25 -> 112.3 | AB25: =AA25/$F$8 -> 0.63806818 | AC25: =F25-AA25 -> 52.85 | AD25: =AC25*H25 -> 6779.0695 | AF25: =AE25*P25 -> 0 | AI25: =AA25+AG25 -> 112.3 | AJ25: =AI25/$F$8 -> 0.63806818 | AK25: =F25-AI25 -> 52.85 | AL25: =AK25*H25 -> 6779.0695
A26: 3.1.3 | B26: 92916 | C26: SINAPI | D26: ARMAÇÃO DE ESTRUTURAS DIVERSAS DE CONCRETO ARMADO, EXCETO VIGAS, PILARES, LAJES E FUNDAÇÕES, UTILIZANDO AÇO CA-50 DE 6,3 MM - MONTAGEM. AF_06/2022 | E26: KG | F26: 6.55 | G26: 11.54 | H26: 14.13 | I26: 92.55 | J26: 6.6059957e-05 | L26: =K26*H26 -> 0 | M26: =K26 -> 0 | N26: =M26/F26 -> 0 | O26: =F26-M26 -> 6.55 | P26: =O26*H26 -> 92.5515 | R26: =Q26*H26 -> 0 | S26: =M26+Q26 -> 0 | T26: =S26/$F$8 -> 0 | U26: =F26-S26 -> 6.55 | V26: =U26*H26 -> 92.5515 | X26: =W26*H26 -> 0 | AA26: =S26+Y26 -> 0 | AB26: =AA26/$F$8 -> 0 | AC26: =F26-AA26 -> 6.55 | AD26: =AC26*H26 -> 92.5515 | AF26: =AE26*P26 -> 0 | AI26: =AA26+AG26 -> 0 | AJ26: =AI26/$F$8 -> 0 | AK26: =F26-AI26 -> 6.55 | AL26: =AK26*H26 -> 92.5515
A27: 3.1.4 | B27: 92917 | C27: SINAPI | D27: ARMAÇÃO DE ESTRUTURAS DIVERSAS DE CONCRETO ARMADO, EXCETO VIGAS, PILARES, LAJES E FUNDAÇÕES, UTILIZANDO AÇO CA-50 DE 8,0 MM - MONTAGEM. AF_06/2022 | E27: KG | F27: 32.45 | G27: 10.65 | H27: 13.04 | I27: 423.14 | J27: 0.00030202712 | L27: =K27*H27 -> 0 | M27: =K27 -> 0 | N27: =M27/F27 -> 0 | O27: =F27-M27 -> 32.45 | P27: =O27*H27 -> 423.148 | R27: =Q27*H27 -> 0 | S27: =M27+Q27 -> 0 | T27: =S27/$F$8 -> 0 | U27: =F27-S27 -> 32.45 | V27: =U27*H27 -> 423.148 | X27: =W27*H27 -> 0 | AA27: =S27+Y27 -> 0 | AB27: =AA27/$F$8 -> 0 | AC27: =F27-AA27 -> 32.45 | AD27: =AC27*H27 -> 423.148 | AF27: =AE27*P27 -> 0 | AI27: =AA27+AG27 -> 0 | AJ27: =AI27/$F$8 -> 0 | AK27: =F27-AI27 -> 32.45 | AL27: =AK27*H27 -> 423.148
A28: 3.1.5 | B28: 92919 | C28: SINAPI | D28: ARMAÇÃO DE ESTRUTURAS DIVERSAS DE CONCRETO ARMADO, EXCETO VIGAS, PILARES, LAJES E FUNDAÇÕES, UTILIZANDO AÇO CA-50 DE 10,0 MM - MONTAGEM. AF_06/2022 | E28: KG | F28: 312.26 | G28: 9.39 | H28: 11.49 | I28: 3587.86 | J28: 0.0025609279 | L28: =K28*H28 -> 0 | M28: =K28 -> 0 | N28: =M28/F28 -> 0 | O28: =F28-M28 -> 312.26 | P28: =O28*H28 -> 3587.8674 | Q28: ='MEMORIA DE CALCULO'!H131 -> 312.26 | R28: =Q28*H28 -> 3587.8674 | S28: =M28+Q28 -> 312.26 | T28: =S28/$F$8 -> 1.7742045 | U28: =F28-S28 -> 0 | V28: =U28*H28 -> 0 | X28: =W28*H28 -> 0 | AA28: =S28+Y28 -> 312.26 | AB28: =AA28/$F$8 -> 1.7742045 | AC28: =F28-AA28 -> 0 | AD28: =AC28*H28 -> 0 | AF28: =AE28*P28 -> 0 | AI28: =AA28+AG28 -> 312.26 | AJ28: =AI28/$F$8 -> 1.7742045 | AK28: =F28-AI28 -> 0 | AL28: =AK28*H28 -> 0
A29: 3.1.6 | B29: 92921 | C29: SINAPI | D29: ARMAÇÃO DE ESTRUTURAS DIVERSAS DE CONCRETO ARMADO, EXCETO VIGAS, PILARES, LAJES E FUNDAÇÕES, UTILIZANDO AÇO CA-50 DE 12,5 MM - MONTAGEM. AF_06/2022 | E29: KG | F29: 32.64 | G29: 7.82 | H29: 9.57 | I29: 312.36 | J29: 0.00022295503 | L29: =K29*H29 -> 0 | M29: =K29 -> 0 | N29: =M29/F29 -> 0 | O29: =F29-M29 -> 32.64 | P29: =O29*H29 -> 312.3648 | R29: =Q29*H29 -> 0 | S29: =M29+Q29 -> 0 | T29: =S29/$F$8 -> 0 | U29: =F29-S29 -> 32.64 | V29: =U29*H29 -> 312.3648 | X29: =W29*H29 -> 0 | AA29: =S29+Y29 -> 0 | AB29: =AA29/$F$8 -> 0 | AC29: =F29-AA29 -> 32.64 | AD29: =AC29*H29 -> 312.3648 | AF29: =AE29*P29 -> 0 | AI29: =AA29+AG29 -> 0 | AJ29: =AI29/$F$8 -> 0 | AK29: =F29-AI29 -> 32.64 | AL29: =AK29*H29 -> 312.3648
A30: 3.1.7 | B30: 92915 | C30: SINAPI | D30: ARMAÇÃO DE ESTRUTURAS DIVERSAS DE CONCRETO ARMADO, EXCETO VIGAS, PILARES, LAJES E FUNDAÇÕES, UTILIZANDO AÇO CA-60 DE 5,0 MM - MONTAGEM. AF_06/2022 | E30: KG | F30: 307.55 | G30: 12.4 | H30: 15.18 | I30: 4668.6 | J30: 0.003332334 | L30: =K30*H30 -> 0 | M30: =K30 -> 0 | N30: =M30/F30 -> 0 | O30: =F30-M30 -> 307.55 | P30: =O30*H30 -> 4668.609 | Q30: ='MEMORIA DE CALCULO'!H142 -> 118.89 | R30: =Q30*H30 -> 1804.7502 | S30: =M30+Q30 -> 118.89 | T30: =S30/$F$8 -> 0.67551136 | U30: =F30-S30 -> 188.66 | V30: =U30*H30 -> 2863.8588 | X30: =W30*H30 -> 0 | AA30: =S30+Y30 -> 118.89 | AB30: =AA30/$F$8 -> 0.67551136 | AC30: =F30-AA30 -> 188.66 | AD30: =AC30*H30 -> 2863.8588 | AF30: =AE30*P30 -> 0 | AI30: =AA30+AG30 -> 118.89 | AJ30: =AI30/$F$8 -> 0.67551136 | AK30: =F30-AI30 -> 188.66 | AL30: =AK30*H30 -> 2863.8588
A31: 3.1.8 | B31: 96558 | C31: SINAPI | D31: CONCRETAGEM DE SAPATAS, FCK 30 MPA, COM USO DE BOMBA  LANÇAMENTO, ADENSAMENTO E ACABAMENTO. AF_11/2016 | E31: m³ | F31: 16.12 | G31: 438.13 | H31: 536.57 | I31: 8649.5 | J31: 0.0061738044 | L31: =K31*H31 -> 0 | M31: =K31 -> 0 | N31: =M31/F31 -> 0 | O31: =F31-M31 -> 16.12 | P31: =O31*H31 -> 8649.5084 | Q31: ='MEMORIA DE CALCULO'!H151 -> 13.62 | R31: =Q31*H31 -> 7308.0834 | S31: =M31+Q31 -> 13.62 | T31: =S31/$F$8 -> 0.077386364 | U31: =F31-S31 -> 2.5 | V31: =U31*H31 -> 1341.425 | X31: =W31*H31 -> 0 | AA31: =S31+Y31 -> 13.62 | AB31: =AA31/$F$8 -> 0.077386364 | AC31: =F31-AA31 -> 2.5 | AD31: =AC31*H31 -> 1341.425 | AF31: =AE31*P31 -> 0 | AI31: =AA31+AG31 -> 13.62 | AJ31: =AI31/$F$8 -> 0.077386364 | AK31: =F31-AI31 -> 2.5 | AL31: =AK31*H31 -> 1341.425
A32: 3.2 | D32: CONCRETO ARMADO PARA FUNDAÇÕES - VIGAS BALDRAMES | I32: 62144.6 | J32: 0.044357316 | P32: =SUM(P33:P38) -> 62144.625 | V32: =SUM(V33:V38) -> 44066.26 | AD32: =SUM(AD33:AD38) -> 44066.26 | AL32: =SUM(AL33:AL38) -> 44066.26
A33: 3.2.1 | B33: 96536 | C33: SINAPI | D33: FABRICAÇÃO, MONTAGEM E DESMONTAGEM DE FÔRMA PARA VIGA BALDRAME, EM MADEIRA SERRADA, E=25 MM, 4 UTILIZAÇÕES. AF_06/2017 | E33: m² | F33: 463.48 | G33: 52.7 | H33: 64.54 | I33: 29912.99 | J33: 0.021351171 | L33: =K33*H33 -> 0 | M33: =K33 -> 0 | N33: =M33/F33 -> 0 | O33: =F33-M33 -> 463.48 | P33: =O33*H33 -> 29912.999 | Q33: ='MEMORIA DE CALCULO'!H160 -> 57.64 | R33: =Q33*H33 -> 3720.0856 | S33: =M33+Q33 -> 57.64 | T33: =S33/$F$8 -> 0.3275 | U33: =F33-S33 -> 405.84 | V33: =U33*H33 -> 26192.914 | X33: =W33*H33 -> 0 | AA33: =S33+Y33 -> 57.64 | AB33: =AA33/$F$8 -> 0.3275 | AC33: =F33-AA33 -> 405.84 | AD33: =AC33*H33 -> 26192.914 | AF33: =AE33*P33 -> 0 | AI33: =AA33+AG33 -> 57.64 | AJ33: =AI33/$F$8 -> 0.3275 | AK33: =F33-AI33 -> 405.84 | AL33: =AK33*H33 -> 26192.914
A34: 3.2.2 | B34: 92916 | C34: SINAPI | D34: ARMAÇÃO DE ESTRUTURAS DIVERSAS DE CONCRETO ARMADO, EXCETO VIGAS, PILARES, LAJES E FUNDAÇÕES, UTILIZANDO AÇO CA-50 DE 6,3 MM - MONTAGEM. AF_06/2022 | E34: KG | F34: 0.73 | G34: 11.54 | H34: 14.13 | I34: 10.31 | J34: 7.3590293e-06 | L34: =K34*H34 -> 0 | M34: =K34 -> 0 | N34: =M34/F34 -> 0 | O34: =F34-M34 -> 0.73 | P34: =O34*H34 -> 10.3149 | R34: =Q34*H34 -> 0 | S34: =M34+Q34 -> 0 | T34: =S34/$F$8 -> 0 | U34: =F34-S34 -> 0.73 | V34: =U34*H34 -> 10.3149 | X34: =W34*H34 -> 0 | AA34: =S34+Y34 -> 0 | AB34: =AA34/$F$8 -> 0 | AC34: =F34-AA34 -> 0.73 | AD34: =AC34*H34 -> 10.3149 | AF34: =AE34*P34 -> 0 | AI34: =AA34+AG34 -> 0 | AJ34: =AI34/$F$8 -> 0 | AK34: =F34-AI34 -> 0.73 | AL34: =AK34*H34 -> 10.3149
A35: 3.2.3 | B35: 92917 | C35: SINAPI | D35: ARMAÇÃO DE ESTRUTURAS DIVERSAS DE CONCRETO ARMADO, EXCETO VIGAS, PILARES, LAJES E FUNDAÇÕES, UTILIZANDO AÇO CA-50 DE 8,0 MM - MONTAGEM. AF_06/2022 | E35: KG | F35: 829.82 | G35: 10.65 | H35: 13.04 | I35: 10820.85 | J35: 0.0077236617 | L35: =K35*H35 -> 0 | M35: =K35 -> 0 | N35: =M35/F35 -> 0 | O35: =F35-M35 -> 829.82 | P35: =O35*H35 -> 10820.853 | Q35: ='MEMORIA DE CALCULO'!H168 -> 412.32 | R35: =Q35*H35 -> 5376.6528 | S35: =M35+Q35 -> 412.32 | T35: =S35/$F$8 -> 2.3427273 | U35: =F35-S35 -> 417.5 | V35: =U35*H35 -> 5444.2 | X35: =W35*H35 -> 0 | AA35: =S35+Y35 -> 412.32 | AB35: =AA35/$F$8 -> 2.3427273 | AC35: =F35-AA35 -> 417.5 | AD35: =AC35*H35 -> 5444.2 | AF35: =AE35*P35 -> 0 | AI35: =AA35+AG35 -> 412.32 | AJ35: =AI35/$F$8 -> 2.3427273 | AK35: =F35-AI35 -> 417.5 | AL35: =AK35*H35 -> 5444.2
A36: 3.2.4 | B36: 92919 | C36: SINAPI | D36: ARMAÇÃO DE ESTRUTURAS DIVERSAS DE CONCRETO ARMADO, EXCETO VIGAS, PILARES, LAJES E FUNDAÇÕES, UTILIZANDO AÇO CA-50 DE 10,0 MM - MONTAGEM. AF_06/2022 | E36: KG | F36: 100.82 | G36: 9.39 | H36: 11.49 | I36: 1158.42 | J36: 0.00082685225 | L36: =K36*H36 -> 0 | M36: =K36 -> 0 | N36: =M36/F36 -> 0 | O36: =F36-M36 -> 100.82 | P36: =O36*H36 -> 1158.4218 | R36: =Q36*H36 -> 0 | S36: =M36+Q36 -> 0 | T36: =S36/$F$8 -> 0 | U36: =F36-S36 -> 100.82 | V36: =U36*H36 -> 1158.4218 | X36: =W36*H36 -> 0 | AA36: =S36+Y36 -> 0 | AB36: =AA36/$F$8 -> 0 | AC36: =F36-AA36 -> 100.82 | AD36: =AC36*H36 -> 1158.4218 | AF36: =AE36*P36 -> 0 | AI36: =AA36+AG36 -> 0 | AJ36: =AI36/$F$8 -> 0 | AK36: =F36-AI36 -> 100.82 | AL36: =AK36*H36 -> 1158.4218
A37: 3.2.5 | B37: 92915 | C37: SINAPI | D37: ARMAÇÃO DE ESTRUTURAS DIVERSAS DE CONCRETO ARMADO, EXCETO VIGAS, PILARES, LAJES E FUNDAÇÕES, UTILIZANDO AÇO CA-60 DE 5,0 MM - MONTAGEM. AF_06/2022 | E37: KG | F37: 395 | G37: 12.4 | H37: 15.18 | I37: 5996.1 | J37: 0.0042798715 | L37: =K37*H37 -> 0 | M37: =K37 -> 0 | N37: =M37/F37 -> 0 | O37: =F37-M37 -> 395 | P37: =O37*H37 -> 5996.1 | Q37: ='MEMORIA DE CALCULO'!H176 -> 168.02 | R37: =Q37*H37 -> 2550.5436 | S37: =M37+Q37 -> 168.02 | T37: =S37/$F$8 -> 0.95465909 | U37: =F37-S37 -> 226.98 | V37: =U37*H37 -> 3445.5564 | X37: =W37*H37 -> 0 | AA37: =S37+Y37 -> 168.02 | AB37: =AA37/$F$8 -> 0.95465909 | AC37: =F37-AA37 -> 226.98 | AD37: =AC37*H37 -> 3445.5564 | AF37: =AE37*P37 -> 0 | AI37: =AA37+AG37 -> 168.02 | AJ37: =AI37/$F$8 -> 0.95465909 | AK37: =F37-AI37 -> 226.98 | AL37: =AK37*H37 -> 3445.5564
A38: 3.2.6 | B38: 96557 | C38: SINAPI | D38: CONCRETAGEM DE BLOCOS DE COROAMENTO E VIGAS BALDRAMES, FCK 30 MPA, COM USO DE BOMBA  LANÇAMENTO, ADENSAMENTO E ACABAMENTO. AF_06/2017 | E38: m³ | F38: 26.87 | G38: 432.91 | H38: 530.18 | I38: 14245.93 | J38: 0.010168401 | L38: =K38*H38 -> 0 | M38: =K38 -> 0 | N38: =M38/F38 -> 0 | O38: =F38-M38 -> 26.87 | P38: =O38*H38 -> 14245.937 | Q38: ='MEMORIA DE CALCULO'!H184 -> 12.13 | R38: =Q38*H38 -> 6431.0834 | S38: =M38+Q38 -> 12.13 | T38: =S38/$F$8 -> 0.068920455 | U38: =F38-S38 -> 14.74 | V38: =U38*H38 -> 7814.8532 | X38: =W38*H38 -> 0 | AA38: =S38+Y38 -> 12.13 | AB38: =AA38/$F$8 -> 0.068920455 | AC38: =F38-AA38 -> 14.74 | AD38: =AC38*H38 -> 7814.8532 | AF38: =AE38*P38 -> 0 | AI38: =AA38+AG38 -> 12.13 | AJ38: =AI38/$F$8 -> 0.068920455 | AK38: =F38-AI38 -> 14.74 | AL38: =AK38*H38 -> 7814.8532
A39: 3.3 | D39: CONCRETO ARMADO PARA FUNDAÇÕES - BASE CAIXA D'ÁGUA | I39: 7800.67 | J39: 0.00556793 | P39: =SUM(P40:P43) -> 7800.6764 | V39: =SUM(V40:V43) -> 7800.6764 | AD39: =SUM(AD40:AD43) -> 7800.6764 | AL39: =SUM(AL40:AL43) -> 7800.6764
A40: 3.3.1 | B40: 96535 | C40: SINAPI | D40: FABRICAÇÃO, MONTAGEM E DESMONTAGEM DE FÔRMA PARA SAPATA, EM MADEIRA SERRADA, E=25 MM, 4 UTILIZAÇÕES. AF_06/2017 | E40: m² | F40: 5.6 | G40: 104.74 | H40: 128.27 | I40: 718.31 | J40: 0.00051271235 | L40: =K40*H40 -> 0 | M40: =K40 -> 0 | N40: =M40/F40 -> 0 | O40: =F40-M40 -> 5.6 | P40: =O40*H40 -> 718.312 | R40: =Q40*H40 -> 0 | S40: =M40+Q40 -> 0 | T40: =S40/$F$8 -> 0 | U40: =F40-S40 -> 5.6 | V40: =U40*H40 -> 718.312 | X40: =W40*H40 -> 0 | AA40: =S40+Y40 -> 0 | AB40: =AA40/$F$8 -> 0 | AC40: =F40-AA40 -> 5.6 | AD40: =AC40*H40 -> 718.312 | AF40: =AE40*P40 -> 0 | AI40: =AA40+AG40 -> 0 | AJ40: =AI40/$F$8 -> 0 | AK40: =F40-AI40 -> 5.6 | AL40: =AK40*H40 -> 718.312
A41: 3.3.2 | B41: 92919 | C41: SINAPI | D41: ARMAÇÃO DE ESTRUTURAS DIVERSAS DE CONCRETO ARMADO, EXCETO VIGAS, PILARES, LAJES E FUNDAÇÕES, UTILIZANDO AÇO CA-50 DE 10,0 MM - MONTAGEM. AF_06/2022 | E41: KG | F41: 325 | G41: 9.39 | H41: 11.49 | I41: 3734.25 | J41: 0.0026654176 | L41: =K41*H41 -> 0 | M41: =K41 -> 0 | N41: =M41/F41 -> 0 | O41: =F41-M41 -> 325 | P41: =O41*H41 -> 3734.25 | R41: =Q41*H41 -> 0 | S41: =M41+Q41 -> 0 | T41: =S41/$F$8 -> 0 | U41: =F41-S41 -> 325 | V41: =U41*H41 -> 3734.25 | X41: =W41*H41 -> 0 | AA41: =S41+Y41 -> 0 | AB41: =AA41/$F$8 -> 0 | AC41: =F41-AA41 -> 325 | AD41: =AC41*H41 -> 3734.25 | AF41: =AE41*P41 -> 0 | AI41: =AA41+AG41 -> 0 | AJ41: =AI41/$F$8 -> 0 | AK41: =F41-AI41 -> 325 | AL41: =AK41*H41 -> 3734.25
A42: 3.3.3 | B42: 92915 | C42: SINAPI | D42: ARMAÇÃO DE ESTRUTURAS DIVERSAS DE CONCRETO ARMADO, EXCETO VIGAS, PILARES, LAJES E FUNDAÇÕES, UTILIZANDO AÇO CA-60 DE 5,0 MM - MONTAGEM. AF_06/2022 | E42: KG | F42: 82 | G42: 12.4 | H42: 15.18 | I42: 1244.76 | J42: 0.00088847966 | L42: =K42*H42 -> 0 | M42: =K42 -> 0 | N42: =M42/F42 -> 0 | O42: =F42-M42 -> 82 | P42: =O42*H42 -> 1244.76 | R42: =Q42*H42 -> 0 | S42: =M42+Q42 -> 0 | T42: =S42/$F$8 -> 0 | U42: =F42-S42 -> 82 | V42: =U42*H42 -> 1244.76 | X42: =W42*H42 -> 0 | AA42: =S42+Y42 -> 0 | AB42: =AA42/$F$8 -> 0 | AC42: =F42-AA42 -> 82 | AD42: =AC42*H42 -> 1244.76 | AF42: =AE42*P42 -> 0 | AI42: =AA42+AG42 -> 0 | AJ42: =AI42/$F$8 -> 0 | AK42: =F42-AI42 -> 82 | AL42: =AK42*H42 -> 1244.76
A43: 3.3.4 | B43: 96558 | C43: SINAPI | D43: CONCRETAGEM DE SAPATAS, FCK 30 MPA, COM USO DE BOMBA  LANÇAMENTO, ADENSAMENTO E ACABAMENTO. AF_11/2016 | E43: m³ | F43: 3.92 | G43: 438.13 | H43: 536.57 | I43: 2103.35 | J43: 0.0015013205 | L43: =K43*H43 -> 0 | M43: =K43 -> 0 | N43: =M43/F43 -> 0 | O43: =F43-M43 -> 3.92 | P43: =O43*H43 -> 2103.3544 | R43: =Q43*H43 -> 0 | S43: =M43+Q43 -> 0 | T43: =S43/$F$8 -> 0 | U43: =F43-S43 -> 3.92 | V43: =U43*H43 -> 2103.3544 | X43: =W43*H43 -> 0 | AA43: =S43+Y43 -> 0 | AB43: =AA43/$F$8 -> 0 | AC43: =F43-AA43 -> 3.92 | AD43: =AC43*H43 -> 2103.3544 | AF43: =AE43*P43 -> 0 | AI43: =AA43+AG43 -> 0 | AJ43: =AI43/$F$8 -> 0 | AK43: =F43-AI43 -> 3.92 | AL43: =AK43*H43 -> 2103.3544
A44: 4 | D44: SUPERESTRUTURA | I44: 173762.92 | J44: 0.12402778
A45: 4.1 | D45: CONCRETO ARMADO - VIGAS | I45: 65370.7 | J45: 0.046660029 | P45: =SUM(P46:P51) -> 65370.733 | V45: =SUM(V46:V51) -> 65370.733 | AD45: =SUM(AD46:AD51) -> 65370.733 | AL45: =SUM(AL46:AL51) -> 65370.733
A46: 4.1.1 | B46: 92471 | C46: SINAPI | D46: MONTAGEM E DESMONTAGEM DE FÔRMA DE VIGA, ESCORAMENTO COM GARFO DE MADEIRA, PÉ-DIREITO SIMPLES, EM CHAPA DE MADEIRA PLASTIFICADA, 12 UTILIZAÇÕES. AF_09/2020 | E46: m² | F46: 453.62 | G46: 63.48 | H46: 77.74 | I46: 35264.41 | J46: 0.025170885 | L46: =K46*H46 -> 0 | M46: =K46 -> 0 | N46: =M46/F46 -> 0 | O46: =F46-M46 -> 453.62 | P46: =O46*H46 -> 35264.419 | R46: =Q46*H46 -> 0 | S46: =M46+Q46 -> 0 | T46: =S46/$F$8 -> 0 | U46: =F46-S46 -> 453.62 | V46: =U46*H46 -> 35264.419 | X46: =W46*H46 -> 0 | AA46: =S46+Y46 -> 0 | AB46: =AA46/$F$8 -> 0 | AC46: =F46-AA46 -> 453.62 | AD46: =AC46*H46 -> 35264.419 | AF46: =AE46*P46 -> 0 | AI46: =AA46+AG46 -> 0 | AJ46: =AI46/$F$8 -> 0 | AK46: =F46-AI46 -> 453.62 | AL46: =AK46*H46 -> 35264.419
A47: 4.1.2 | B47: 92760 | C47: SINAPI | D47: ARMAÇÃO DE PILAR OU VIGA DE ESTRUTURA CONVENCIONAL DE CONCRETO ARMADO UTILIZANDO AÇO CA-50 DE 6,3 MM - MONTAGEM. AF_06/2022 | E47: KG | F47: 0.73 | G47: 10.23 | H47: 12.52 | I47: 9.13 | J47: 6.5167737e-06 | L47: =K47*H47 -> 0 | M47: =K47 -> 0 | N47: =M47/F47 -> 0 | O47: =F47-M47 -> 0.73 | P47: =O47*H47 -> 9.1396 | R47: =Q47*H47 -> 0 | S47: =M47+Q47 -> 0 | T47: =S47/$F$8 -> 0 | U47: =F47-S47 -> 0.73 | V47: =U47*H47 -> 9.1396 | X47: =W47*H47 -> 0 | AA47: =S47+Y47 -> 0 | AB47: =AA47/$F$8 -> 0 | AC47: =F47-AA47 -> 0.73 | AD47: =AC47*H47 -> 9.1396 | AF47: =AE47*P47 -> 0 | AI47: =AA47+AG47 -> 0 | AJ47: =AI47/$F$8 -> 0 | AK47: =F47-AI47 -> 0.73 | AL47: =AK47*H47 -> 9.1396
A48: 4.1.3 | B48: 92761 | C48: SINAPI | D48: ARMAÇÃO DE PILAR OU VIGA DE ESTRUTURA CONVENCIONAL DE CONCRETO ARMADO UTILIZANDO AÇO CA-50 DE 8,0 MM - MONTAGEM. AF_06/2022 | E48: KG | F48: 829.82 | G48: 9.72 | H48: 11.9 | I48: 9874.85 | J48: 0.0070484297 | L48: =K48*H48 -> 0 | M48: =K48 -> 0 | N48: =M48/F48 -> 0 | O48: =F48-M48 -> 829.82 | P48: =O48*H48 -> 9874.858 | R48: =Q48*H48 -> 0 | S48: =M48+Q48 -> 0 | T48: =S48/$F$8 -> 0 | U48: =F48-S48 -> 829.82 | V48: =U48*H48 -> 9874.858 | X48: =W48*H48 -> 0 | AA48: =S48+Y48 -> 0 | AB48: =AA48/$F$8 -> 0 | AC48: =F48-AA48 -> 829.82 | AD48: =AC48*H48 -> 9874.858 | AF48: =AE48*P48 -> 0 | AI48: =AA48+AG48 -> 0 | AJ48: =AI48/$F$8 -> 0 | AK48: =F48-AI48 -> 829.82 | AL48: =AK48*H48 -> 9874.858
A49: 4.1.4 | B49: 92762 | C49: SINAPI | D49: ARMAÇÃO DE PILAR OU VIGA DE ESTRUTURA CONVENCIONAL DE CONCRETO ARMADO UTILIZANDO AÇO CA-50 DE 10,0 MM - MONTAGEM. AF_06/2022 | E49: KG | F49: 100.82 | G49: 8.75 | H49: 10.71 | I49: 1079.78 | J49: 0.00077072091 | L49: =K49*H49 -> 0 | M49: =K49 -> 0 | N49: =M49/F49 -> 0 | O49: =F49-M49 -> 100.82 | P49: =O49*H49 -> 1079.7822 | R49: =Q49*H49 -> 0 | S49: =M49+Q49 -> 0 | T49: =S49/$F$8 -> 0 | U49: =F49-S49 -> 100.82 | V49: =U49*H49 -> 1079.7822 | X49: =W49*H49 -> 0 | AA49: =S49+Y49 -> 0 | AB49: =AA49/$F$8 -> 0 | AC49: =F49-AA49 -> 100.82 | AD49: =AC49*H49 -> 1079.7822 | AF49: =AE49*P49 -> 0 | AI49: =AA49+AG49 -> 0 | AJ49: =AI49/$F$8 -> 0 | AK49: =F49-AI49 -> 100.82 | AL49: =AK49*H49 -> 1079.7822
A50: 4.1.5 | B50: 92759 | C50: SINAPI | D50: ARMAÇÃO DE PILAR OU VIGA DE ESTRUTURA CONVENCIONAL DE CONCRETO ARMADO UTILIZANDO AÇO CA-60 DE 5,0 MM - MONTAGEM. AF_06/2022 | E50: KG | F50: 379 | G50: 10.63 | H50: 13.01 | I50: 4930.79 | J50: 0.0035194789 | L50: =K50*H50 -> 0 | M50: =K50 -> 0 | N50: =M50/F50 -> 0 | O50: =F50-M50 -> 379 | P50: =O50*H50 -> 4930.79 | R50: =Q50*H50 -> 0 | S50: =M50+Q50 -> 0 | T50: =S50/$F$8 -> 0 | U50: =F50-S50 -> 379 | V50: =U50*H50 -> 4930.79 | X50: =W50*H50 -> 0 | AA50: =S50+Y50 -> 0 | AB50: =AA50/$F$8 -> 0 | AC50: =F50-AA50 -> 379 | AD50: =AC50*H50 -> 4930.79 | AF50: =AE50*P50 -> 0 | AI50: =AA50+AG50 -> 0 | AJ50: =AI50/$F$8 -> 0 | AK50: =F50-AI50 -> 379 | AL50: =AK50*H50 -> 4930.79
A51: 4.1.6 | B51: 103675 | C51: SINAPI | D51: CONCRETAGEM DE VIGAS E LAJES, FCK=25 MPA, PARA LAJES MACIÇAS OU NERVURADAS COM USO DE BOMBA - LANÇAMENTO, ADENSAMENTO E ACABAMENTO. AF_02/2022_PS | E51: m³ | F51: 27.81 | G51: 417.27 | H51: 511.03 | I51: 14211.74 | J51: 0.010143997 | L51: =K51*H51 -> 0 | M51: =K51 -> 0 | N51: =M51/F51 -> 0 | O51: =F51-M51 -> 27.81 | P51: =O51*H51 -> 14211.744 | R51: =Q51*H51 -> 0 | S51: =M51+Q51 -> 0 | T51: =S51/$F$8 -> 0 | U51: =F51-S51 -> 27.81 | V51: =U51*H51 -> 14211.744 | X51: =W51*H51 -> 0 | AA51: =S51+Y51 -> 0 | AB51: =AA51/$F$8 -> 0 | AC51: =F51-AA51 -> 27.81 | AD51: =AC51*H51 -> 14211.744 | AF51: =AE51*P51 -> 0 | AI51: =AA51+AG51 -> 0 | AJ51: =AI51/$F$8 -> 0 | AK51: =F51-AI51 -> 27.81 | AL51: =AK51*H51 -> 14211.744
A52: 4.2 | D52: CONCRETO ARMADO - LAJES E PILARES | I52: 40599.88 | J52: 0.028979215 | P52: =SUM(P53:P57) -> 40599.902 | V52: =SUM(V53:V57) -> 40599.902 | AD52: =SUM(AD53:AD57) -> 40599.902 | AL52: =SUM(AL53:AL57) -> 40599.902
A53: 4.2.1 | B53: 92435 | C53: SINAPI | D53: MONTAGEM E DESMONTAGEM DE FÔRMA DE PILARES RETANGULARES E ESTRUTURAS SIMILARES, PÉ-DIREITO SIMPLES, EM CHAPA DE MADEIRA COMPENSADA PLASTIFICADA, 12 UTILIZAÇÕES. AF_09/2020 | E53: m² | F53: 319.27 | G53: 33.28 | H53: 40.75 | I53: 13010.25 | J53: 0.0092864026 | L53: =K53*H53 -> 0 | M53: =K53 -> 0 | N53: =M53/F53 -> 0 | O53: =F53-M53 -> 319.27 | P53: =O53*H53 -> 13010.252 | R53: =Q53*H53 -> 0 | S53: =M53+Q53 -> 0 | T53: =S53/$F$8 -> 0 | U53: =F53-S53 -> 319.27 | V53: =U53*H53 -> 13010.252 | X53: =W53*H53 -> 0 | AA53: =S53+Y53 -> 0 | AB53: =AA53/$F$8 -> 0 | AC53: =F53-AA53 -> 319.27 | AD53: =AC53*H53 -> 13010.252 | AF53: =AE53*P53 -> 0 | AI53: =AA53+AG53 -> 0 | AJ53: =AI53/$F$8 -> 0 | AK53: =F53-AI53 -> 319.27 | AL53: =AK53*H53 -> 13010.252
A54: 4.2.2 | B54: 92919 | C54: SINAPI | D54: ARMAÇÃO DE ESTRUTURAS DIVERSAS DE CONCRETO ARMADO, EXCETO VIGAS, PILARES, LAJES E FUNDAÇÕES, UTILIZANDO AÇO CA-50 DE 10,0 MM - MONTAGEM. AF_06/2022 | E54: KG | F54: 1063.91 | G54: 9.39 | H54: 11.49 | I54: 12224.32 | J54: 0.0087254247 | L54: =K54*H54 -> 0 | M54: =K54 -> 0 | N54: =M54/F54 -> 0 | O54: =F54-M54 -> 1063.91 | P54: =O54*H54 -> 12224.326 | R54: =Q54*H54 -> 0 | S54: =M54+Q54 -> 0 | T54: =S54/$F$8 -> 0 | U54: =F54-S54 -> 1063.91 | V54: =U54*H54 -> 12224.326 | X54: =W54*H54 -> 0 | AA54: =S54+Y54 -> 0 | AB54: =AA54/$F$8 -> 0 | AC54: =F54-AA54 -> 1063.91 | AD54: =AC54*H54 -> 12224.326 | AF54: =AE54*P54 -> 0 | AI54: =AA54+AG54 -> 0 | AJ54: =AI54/$F$8 -> 0 | AK54: =F54-AI54 -> 1063.91 | AL54: =AK54*H54 -> 12224.326
A55: 4.2.3 | B55: 92921 | C55: SINAPI | D55: ARMAÇÃO DE ESTRUTURAS DIVERSAS DE CONCRETO ARMADO, EXCETO VIGAS, PILARES, LAJES E FUNDAÇÕES, UTILIZANDO AÇO CA-50 DE 12,5 MM - MONTAGEM. AF_06/2022 | E55: KG | F55: 102.27 | G55: 7.82 | H55: 9.57 | I55: 978.72 | J55: 0.00069858672 | L55: =K55*H55 -> 0 | M55: =K55 -> 0 | N55: =M55/F55 -> 0 | O55: =F55-M55 -> 102.27 | P55: =O55*H55 -> 978.7239 | R55: =Q55*H55 -> 0 | S55: =M55+Q55 -> 0 | T55: =S55/$F$8 -> 0 | U55: =F55-S55 -> 102.27 | V55: =U55*H55 -> 978.7239 | X55: =W55*H55 -> 0 | AA55: =S55+Y55 -> 0 | AB55: =AA55/$F$8 -> 0 | AC55: =F55-AA55 -> 102.27 | AD55: =AC55*H55 -> 978.7239 | AF55: =AE55*P55 -> 0 | AI55: =AA55+AG55 -> 0 | AJ55: =AI55/$F$8 -> 0 | AK55: =F55-AI55 -> 102.27 | AL55: =AK55*H55 -> 978.7239
A56: 4.2.4 | B56: 92915 | C56: SINAPI | D56: ARMAÇÃO DE ESTRUTURAS DIVERSAS DE CONCRETO ARMADO, EXCETO VIGAS, PILARES, LAJES E FUNDAÇÕES, UTILIZANDO AÇO CA-60 DE 5,0 MM - MONTAGEM. AF_06/2022 | E56: KG | F56: 404.73 | G56: 12.4 | H56: 15.18 | I56: 6143.8 | J56: 0.0043852962 | L56: =K56*H56 -> 0 | M56: =K56 -> 0 | N56: =M56/F56 -> 0 | O56: =F56-M56 -> 404.73 | P56: =O56*H56 -> 6143.8014 | R56: =Q56*H56 -> 0 | S56: =M56+Q56 -> 0 | T56: =S56/$F$8 -> 0 | U56: =F56-S56 -> 404.73 | V56: =U56*H56 -> 6143.8014 | X56: =W56*H56 -> 0 | AA56: =S56+Y56 -> 0 | AB56: =AA56/$F$8 -> 0 | AC56: =F56-AA56 -> 404.73 | AD56: =AC56*H56 -> 6143.8014 | AF56: =AE56*P56 -> 0 | AI56: =AA56+AG56 -> 0 | AJ56: =AI56/$F$8 -> 0 | AK56: =F56-AI56 -> 404.73 | AL56: =AK56*H56 -> 6143.8014
A57: 4.2.5 | B57: 103672 | C57: SINAPI | D57: CONCRETAGEM DE PILARES, FCK = 25 MPA, COM USO DE BOMBA - LANÇAMENTO, ADENSAMENTO E ACABAMENTO. AF_02/2022_PS | E57: m³ | F57: 16.15 | G57: 416.75 | H57: 510.39 | I57: 8242.79 | J57: 0.0058835046 | L57: =K57*H57 -> 0 | M57: =K57 -> 0 | N57: =M57/F57 -> 0 | O57: =F57-M57 -> 16.15 | P57: =O57*H57 -> 8242.7985 | R57: =Q57*H57 -> 0 | S57: =M57+Q57 -> 0 | T57: =S57/$F$8 -> 0 | U57: =F57-S57 -> 16.15 | V57: =U57*H57 -> 8242.7985 | X57: =W57*H57 -> 0 | AA57: =S57+Y57 -> 0 | AB57: =AA57/$F$8 -> 0 | AC57: =F57-AA57 -> 16.15 | AD57: =AC57*H57 -> 8242.7985 | AF57: =AE57*P57 -> 0 | AI57: =AA57+AG57 -> 0 | AJ57: =AI57/$F$8 -> 0 | AK57: =F57-AI57 -> 16.15 | AL57: =AK57*H57 -> 8242.7985
A58: 4.3 | D58: CONCRETO ARMADO - LAJES DE FORRO | I58: 55985.86 | J58: 0.039961356 | P58: =P59 -> 55985.866 | V58: =V59 -> 55985.866 | AD58: =AD59 -> 55985.866 | AL58: =AL59 -> 55985.866
A59: 4.3.1 | B59: COM-A2023 | C59: Próprio | D59: LAJE PRÉ-MOLDADA P/FORRO, SOBRECARGA 100KG/M², VÃO ATÉ 3,50 M/E = 8CM, COM LAJOTAS E CAPA C/ CONC. FCK=20MPA, 3CM, INTER-EIXO 38CM, C/ESCORAMENTO (REAPR. 3X) E FERRAGEM-PREÇO 02/23 - SINAPI/PB. (M²) | E59: M² | F59: 647.46 | G59: 70.61 | H59: 86.47 | I59: 55985.86 | J59: 0.039961356 | L59: =K59*H59 -> 0 | M59: =K59 -> 0 | N59: =M59/F59 -> 0 | O59: =F59-M59 -> 647.46 | P59: =O59*H59 -> 55985.866 | R59: =Q59*H59 -> 0 | S59: =M59+Q59 -> 0 | T59: =S59/$F$8 -> 0 | U59: =F59-S59 -> 647.46 | V59: =U59*H59 -> 55985.866 | X59: =W59*H59 -> 0 | AA59: =S59+Y59 -> 0 | AB59: =AA59/$F$8 -> 0 | AC59: =F59-AA59 -> 647.46 | AD59: =AC59*H59 -> 55985.866 | AF59: =AE59*P59 -> 0 | AI59: =AA59+AG59 -> 0 | AJ59: =AI59/$F$8 -> 0 | AK59: =F59-AI59 -> 647.46 | AL59: =AK59*H59 -> 55985.866
A60: 4.4 | D60: CONCRTEO ARMADO - VERGAS E CONTRAVERGAS | I60: 11806.48 | J60: 0.0084271806 | P60: =P61 -> 11806.48 | V60: =V61 -> 11806.48 | AD60: =AD61 -> 11806.48 | AL60: =AL61 -> 11806.48
A61: 4.4.1 | B61: 93183 | C61: SINAPI | D61: VERGA PRÉ-MOLDADA PARA JANELAS COM MAIS DE 1,5 M DE VÃO. AF_03/2016 | E61: M | F61: 232 | G61: 41.56 | H61: 50.89 | I61: 11806.48 | J61: 0.0084271806 | L61: =K61*H61 -> 0 | M61: =K61 -> 0 | N61: =M61/F61 -> 0 | O61: =F61-M61 -> 232 | P61: =O61*H61 -> 11806.48 | R61: =Q61*H61 -> 0 | S61: =M61+Q61 -> 0 | T61: =S61/$F$8 -> 0 | U61: =F61-S61 -> 232 | V61: =U61*H61 -> 11806.48 | X61: =W61*H61 -> 0 | AA61: =S61+Y61 -> 0 | AB61: =AA61/$F$8 -> 0 | AC61: =F61-AA61 -> 232 | AD61: =AC61*H61 -> 11806.48 | AF61: =AE61*P61 -> 0 | AI61: =AA61+AG61 -> 0 | AJ61: =AI61/$F$8 -> 0 | AK61: =F61-AI61 -> 232 | AL61: =AK61*H61 -> 11806.48
A62: 5 | D62: SISTEMA DE VEDAÇÃO VERTICAL | I62: 53575.28 | J62: 0.038240742 | P62: =SUM(P63:P65) -> 53575.294 | V62: =SUM(V63:V65) -> 50597.63 | AD62: =SUM(AD63:AD65) -> 50597.63 | AL62: =SUM(AL63:AL65) -> 50597.63
A63: 5.1 | B63: 103322 | C63: SINAPI | D63: ALVENARIA DE VEDAÇÃO DE BLOCOS CERÂMICOS FURADOS NA VERTICAL DE 9X19X39 CM (ESPESSURA 9 CM) E ARGAMASSA DE ASSENTAMENTO COM PREPARO EM BETONEIRA. AF_12/2021 | E63: m² | F63: 914.03 | G63: 37.1 | H63: 45.43 | I63: 41524.38 | J63: 0.029639101 | L63: =K63*H63 -> 0 | M63: =K63 -> 0 | N63: =M63/F63 -> 0 | O63: =F63-M63 -> 914.03 | P63: =O63*H63 -> 41524.383 | Q63: ='MEMORIA DE CALCULO'!H192 -> 65.544 | R63: =Q63*H63 -> 2977.6639 | S63: =M63+Q63 -> 65.544 | T63: =S63/$F$8 -> 0.37240909 | U63: =F63-S63 -> 848.486 | V63: =U63*H63 -> 38546.719 | X63: =W63*H63 -> 0 | AA63: =S63+Y63 -> 65.544 | AB63: =AA63/$F$8 -> 0.37240909 | AC63: =F63-AA63 -> 848.486 | AD63: =AC63*H63 -> 38546.719 | AF63: =AE63*P63 -> 0 | AI63: =AA63+AG63 -> 65.544 | AJ63: =AI63/$F$8 -> 0.37240909 | AK63: =F63-AI63 -> 848.486 | AL63: =AK63*H63 -> 38546.719
A64: 5.2 | B64: 93202 | C64: SINAPI | D64: FIXAÇÃO (ENCUNHAMENTO) DE ALVENARIA DE VEDAÇÃO COM TIJOLO MACIÇO. AF_03/2016 | E64: M | F64: 295.3 | G64: 17.8 | H64: 21.79 | I64: 6434.58 | J64: 0.004592848 | L64: =K64*H64 -> 0 | M64: =K64 -> 0 | N64: =M64/F64 -> 0 | O64: =F64-M64 -> 295.3 | P64: =O64*H64 -> 6434.587 | R64: =Q64*H64 -> 0 | S64: =M64+Q64 -> 0 | T64: =S64/$F$8 -> 0 | U64: =F64-S64 -> 295.3 | V64: =U64*H64 -> 6434.587 | X64: =W64*H64 -> 0 | AA64: =S64+Y64 -> 0 | AB64: =AA64/$F$8 -> 0 | AC64: =F64-AA64 -> 295.3 | AD64: =AC64*H64 -> 6434.587 | AF64: =AE64*P64 -> 0 | AI64: =AA64+AG64 -> 0 | AJ64: =AI64/$F$8 -> 0 | AK64: =F64-AI64 -> 295.3 | AL64: =AK64*H64 -> 6434.587
A65: 5.3 | B65: C4070 | C65: SEINFRA | D65: DIVISÓRIA DE GRANITO CINZA E=2cm | E65: m² | F65: 12.92 | G65: 354.95 | H65: 434.7 | I65: 5616.32 | J65: 0.0040087937 | L65: =K65*H65 -> 0 | M65: =K65 -> 0 | N65: =M65/F65 -> 0 | O65: =F65-M65 -> 12.92 | P65: =O65*H65 -> 5616.324 | R65: =Q65*H65 -> 0 | S65: =M65+Q65 -> 0 | T65: =S65/$F$8 -> 0 | U65: =F65-S65 -> 12.92 | V65: =U65*H65 -> 5616.324 | X65: =W65*H65 -> 0 | AA65: =S65+Y65 -> 0 | AB65: =AA65/$F$8 -> 0 | AC65: =F65-AA65 -> 12.92 | AD65: =AC65*H65 -> 5616.324 | AF65: =AE65*P65 -> 0 | AI65: =AA65+AG65 -> 0 | AJ65: =AI65/$F$8 -> 0 | AK65: =F65-AI65 -> 12.92 | AL65: =AK65*H65 -> 5616.324
A66: 6 | D66: ESQUADRIAS | I66: 149488.57 | J66: 0.10670133
A67: 6.1 | D67: PORTAS DE MADEIRA | I67: 25618.06 | J67: 0.018285553 | P67: =SUM(P68:P74) -> 25618.06 | V67: =SUM(V68:V74) -> 25618.06 | AD67: =SUM(AD68:AD74) -> 25618.06 | AL67: =SUM(AL68:AL74) -> 25618.06
A68: 6.1.1 | B68: 90843 | C68: SINAPI | D68: KIT DE PORTA DE MADEIRA PARA PINTURA, SEMI-OCA (LEVE OU MÉDIA), PADRÃO MÉDIO, 80X210CM, ESPESSURA DE 3,5CM, ITENS INCLUSOS: DOBRADIÇAS, MONTAGEM E INSTALAÇÃO DO BATENTE, FECHADURA COM EXECUÇÃO DO FURO - FORNECIMENTO E INSTALAÇÃO. AF_12/2019 | E68: UN | F68: 7 | G68: 730.3 | H68: 894.39 | I68: 6260.73 | J68: 0.004468758 | L68: =K68*H68 -> 0 | M68: =K68 -> 0 | N68: =M68/F68 -> 0 | O68: =F68-M68 -> 7 | P68: =O68*H68 -> 6260.73 | R68: =Q68*H68 -> 0 | S68: =M68+Q68 -> 0 | T68: =S68/$F$8 -> 0 | U68: =F68-S68 -> 7 | V68: =U68*H68 -> 6260.73 | X68: =W68*H68 -> 0 | AA68: =S68+Y68 -> 0 | AB68: =AA68/$F$8 -> 0 | AC68: =F68-AA68 -> 7 | AD68: =AC68*H68 -> 6260.73 | AF68: =AE68*P68 -> 0 | AI68: =AA68+AG68 -> 0 | AJ68: =AI68/$F$8 -> 0 | AK68: =F68-AI68 -> 7 | AL68: =AK68*H68 -> 6260.73
A69: 6.1.2 | B69: 91314 | C69: SINAPI | D69: KIT DE PORTA DE MADEIRA PARA PINTURA, SEMI-OCA (LEVE OU MÉDIA), PADRÃO POPULAR, 80X210CM, ESPESSURA DE 3,5CM, ITENS INCLUSOS: DOBRADIÇAS, MONTAGEM E INSTALAÇÃO DO BATENTE, FECHADURA COM EXECUÇÃO DO FURO - FORNECIMENTO E INSTALAÇÃO. AF_12/2019 | E69: UN | F69: 7 | G69: 606.26 | H69: 742.48 | I69: 5197.36 | J69: 0.0037097502 | L69: =K69*H69 -> 0 | M69: =K69 -> 0 | N69: =M69/F69 -> 0 | O69: =F69-M69 -> 7 | P69: =O69*H69 -> 5197.36 | R69: =Q69*H69 -> 0 | S69: =M69+Q69 -> 0 | T69: =S69/$F$8 -> 0 | U69: =F69-S69 -> 7 | V69: =U69*H69 -> 5197.36 | X69: =W69*H69 -> 0 | AA69: =S69+Y69 -> 0 | AB69: =AA69/$F$8 -> 0 | AC69: =F69-AA69 -> 7 | AD69: =AC69*H69 -> 5197.36 | AF69: =AE69*P69 -> 0 | AI69: =AA69+AG69 -> 0 | AJ69: =AI69/$F$8 -> 0 | AK69: =F69-AI69 -> 7 | AL69: =AK69*H69 -> 5197.36
A70: 6.1.3 | B70: 90843 | C70: SINAPI | D70: KIT DE PORTA DE MADEIRA PARA PINTURA, SEMI-OCA (LEVE OU MÉDIA), PADRÃO MÉDIO, 80X210CM, ESPESSURA DE 3,5CM, ITENS INCLUSOS: DOBRADIÇAS, MONTAGEM E INSTALAÇÃO DO BATENTE, FECHADURA COM EXECUÇÃO DO FURO - FORNECIMENTO E INSTALAÇÃO. AF_12/2019 | E70: UN | F70: 2 | G70: 730.3 | H70: 894.39 | I70: 1788.78 | J70: 0.001276788 | L70: =K70*H70 -> 0 | M70: =K70 -> 0 | N70: =M70/F70 -> 0 | O70: =F70-M70 -> 2 | P70: =O70*H70 -> 1788.78 | R70: =Q70*H70 -> 0 | S70: =M70+Q70 -> 0 | T70: =S70/$F$8 -> 0 | U70: =F70-S70 -> 2 | V70: =U70*H70 -> 1788.78 | X70: =W70*H70 -> 0 | AA70: =S70+Y70 -> 0 | AB70: =AA70/$F$8 -> 0 | AC70: =F70-AA70 -> 2 | AD70: =AC70*H70 -> 1788.78 | AF70: =AE70*P70 -> 0 | AI70: =AA70+AG70 -> 0 | AJ70: =AI70/$F$8 -> 0 | AK70: =F70-AI70 -> 2 | AL70: =AK70*H70 -> 1788.78
A71: 6.1.4 | B71: COM-B2023 | C71: Próprio | D71: PM4 - PORTA DE ABRIR EM MADEIRA PARA PINTURA 0,6 X 2,1M, ESPESSURA DE 3,5 CM, COM VENEZIANA 0,5 X 0,40M, CONFORMA PROJETO, INCLUSO DOBRADIÇAS, BATENTES E FECHADURAS | E71: UN | F71: 1 | G71: 986.59 | H71: 1208.27 | I71: 1208.27 | J71: 0.00086243398 | L71: =K71*H71 -> 0 | M71: =K71 -> 0 | N71: =M71/F71 -> 0 | O71: =F71-M71 -> 1 | P71: =O71*H71 -> 1208.27 | R71: =Q71*H71 -> 0 | S71: =M71+Q71 -> 0 | T71: =S71/$F$8 -> 0 | U71: =F71-S71 -> 1 | V71: =U71*H71 -> 1208.27 | X71: =W71*H71 -> 0 | AA71: =S71+Y71 -> 0 | AB71: =AA71/$F$8 -> 0 | AC71: =F71-AA71 -> 1 | AD71: =AC71*H71 -> 1208.27 | AF71: =AE71*P71 -> 0 | AI71: =AA71+AG71 -> 0 | AJ71: =AI71/$F$8 -> 0 | AK71: =F71-AI71 -> 1 | AL71: =AK71*H71 -> 1208.27
A72: 6.1.5 | B72: 100692 | C72: SINAPI | D72: KIT DE PORTA DE MADEIRA TIPO VENEZIANA, 80X210CM (ESPESSURA DE 3CM), PADRÃO POPULAR, ITENS INCLUSOS: DOBRADIÇAS, MONTAGEM E INSTALAÇÃO DE BATENTE, FECHADURA COM EXECUÇÃO DO FURO - FORNECIMENTO E INSTALAÇÃO. AF_12/2019 | E72: UN | F72: 3 | G72: 988.77 | H72: 1210.94 | I72: 3632.82 | J72: 0.0025930193 | L72: =K72*H72 -> 0 | M72: =K72 -> 0 | N72: =M72/F72 -> 0 | O72: =F72-M72 -> 3 | P72: =O72*H72 -> 3632.82 | R72: =Q72*H72 -> 0 | S72: =M72+Q72 -> 0 | T72: =S72/$F$8 -> 0 | U72: =F72-S72 -> 3 | V72: =U72*H72 -> 3632.82 | X72: =W72*H72 -> 0 | AA72: =S72+Y72 -> 0 | AB72: =AA72/$F$8 -> 0 | AC72: =F72-AA72 -> 3 | AD72: =AC72*H72 -> 3632.82 | AF72: =AE72*P72 -> 0 | AI72: =AA72+AG72 -> 0 | AJ72: =AI72/$F$8 -> 0 | AK72: =F72-AI72 -> 3 | AL72: =AK72*H72 -> 3632.82
A73: 6.1.6 | B73: COM-C2023 | C73: Próprio | D73: PM6 - PORTA DE ABRIR EM CHAPA DE MADEIRA COMPENSADA PARA BANHEIRO REVESTIDA COM LAMINADO 0,6 X 1,60 M, INCLUSO MARCO E DOBRADIÇAS. (REF. SINAPI/02/2023, SBC 04/2023)(UN) | E73: UN | F73: 3 | G73: 1125.06 | H73: 1377.86 | I73: 4133.58 | J73: 0.0029504497 | L73: =K73*H73 -> 0 | M73: =K73 -> 0 | N73: =M73/F73 -> 0 | O73: =F73-M73 -> 3 | P73: =O73*H73 -> 4133.58 | R73: =Q73*H73 -> 0 | S73: =M73+Q73 -> 0 | T73: =S73/$F$8 -> 0 | U73: =F73-S73 -> 3 | V73: =U73*H73 -> 4133.58 | X73: =W73*H73 -> 0 | AA73: =S73+Y73 -> 0 | AB73: =AA73/$F$8 -> 0 | AC73: =F73-AA73 -> 3 | AD73: =AC73*H73 -> 4133.58 | AF73: =AE73*P73 -> 0 | AI73: =AA73+AG73 -> 0 | AJ73: =AI73/$F$8 -> 0 | AK73: =F73-AI73 -> 3 | AL73: =AK73*H73 -> 4133.58
A74: 6.1.7 | B74: COM-D2023 | C74: Próprio | D74: PM7 - PORTA DE ABRIR EM CHAPA DE MADEIRA COMPENSADA PARA BANHEIRO REVESTIDA COM LAMINADO 0,80 X 1,60 M, INCLUSO MARCO E DOBRADIÇAS | E74: UN | F74: 2 | G74: 1386.68 | H74: 1698.26 | I74: 3396.52 | J74: 0.002424354 | L74: =K74*H74 -> 0 | M74: =K74 -> 0 | N74: =M74/F74 -> 0 | O74: =F74-M74 -> 2 | P74: =O74*H74 -> 3396.52 | R74: =Q74*H74 -> 0 | S74: =M74+Q74 -> 0 | T74: =S74/$F$8 -> 0 | U74: =F74-S74 -> 2 | V74: =U74*H74 -> 3396.52 | X74: =W74*H74 -> 0 | AA74: =S74+Y74 -> 0 | AB74: =AA74/$F$8 -> 0 | AC74: =F74-AA74 -> 2 | AD74: =AC74*H74 -> 3396.52 | AF74: =AE74*P74 -> 0 | AI74: =AA74+AG74 -> 0 | AJ74: =AI74/$F$8 -> 0 | AK74: =F74-AI74 -> 2 | AL74: =AK74*H74 -> 3396.52
A75: 6.2 | D75: FERRAGENS E ACESSÓRIOS | I75: 996.45 | J75: 0.00071124197 | P75: =SUM(P76:P78) -> 996.456 | V75: =SUM(V76:V78) -> 996.456 | AD75: =SUM(AD76:AD78) -> 996.456 | AL75: =SUM(AL76:AL78) -> 996.456
A76: 6.2.1 | B76: 100874 | C76: SINAPI | D76: PUXADOR PARA PCD, FIXADO NA PORTA - FORNECIMENTO E INSTALAÇÃO. AF_01/2020 | E76: UN | F76: 2 | G76: 227.31 | H76: 278.38 | I76: 556.76 | J76: 0.00039740186 | L76: =K76*H76 -> 0 | M76: =K76 -> 0 | N76: =M76/F76 -> 0 | O76: =F76-M76 -> 2 | P76: =O76*H76 -> 556.76 | R76: =Q76*H76 -> 0 | S76: =M76+Q76 -> 0 | T76: =S76/$F$8 -> 0 | U76: =F76-S76 -> 2 | V76: =U76*H76 -> 556.76 | X76: =W76*H76 -> 0 | AA76: =S76+Y76 -> 0 | AB76: =AA76/$F$8 -> 0 | AC76: =F76-AA76 -> 2 | AD76: =AC76*H76 -> 556.76 | AF76: =AE76*P76 -> 0 | AI76: =AA76+AG76 -> 0 | AJ76: =AI76/$F$8 -> 0 | AK76: =F76-AI76 -> 2 | AL76: =AK76*H76 -> 556.76
A77: 6.2.2 | B77: COM-E2023 | C77: Próprio | D77: FECHADURA DE EMBUTIR COMPLETA, TIPO TARJETA LIVRE - OCUPADO | E77: UN | F77: 5 | G77: 39.26 | H77: 48.08 | I77: 240.4 | J77: 0.00017159172 | L77: =K77*H77 -> 0 | M77: =K77 -> 0 | N77: =M77/F77 -> 0 | O77: =F77-M77 -> 5 | P77: =O77*H77 -> 240.4 | R77: =Q77*H77 -> 0 | S77: =M77+Q77 -> 0 | T77: =S77/$F$8 -> 0 | U77: =F77-S77 -> 5 | V77: =U77*H77 -> 240.4 | X77: =W77*H77 -> 0 | AA77: =S77+Y77 -> 0 | AB77: =AA77/$F$8 -> 0 | AC77: =F77-AA77 -> 5 | AD77: =AC77*H77 -> 240.4 | AF77: =AE77*P77 -> 0 | AI77: =AA77+AG77 -> 0 | AJ77: =AI77/$F$8 -> 0 | AK77: =F77-AI77 -> 5 | AL77: =AK77*H77 -> 240.4
A78: 6.2.3 | B78: COM-F2023 | C78: Próprio | D78: CHAPA MATÁLICA (ALUMÍNIO) 0,80M 0,40 MM, E= 1MM PARA AS PORTAS | E78: M² | F78: 2.88 | G78: 56.51 | H78: 69.2 | I78: 199.29 | J78: 0.00014224839 | L78: =K78*H78 -> 0 | M78: =K78 -> 0 | N78: =M78/F78 -> 0 | O78: =F78-M78 -> 2.88 | P78: =O78*H78 -> 199.296 | R78: =Q78*H78 -> 0 | S78: =M78+Q78 -> 0 | T78: =S78/$F$8 -> 0 | U78: =F78-S78 -> 2.88 | V78: =U78*H78 -> 199.296 | X78: =W78*H78 -> 0 | AA78: =S78+Y78 -> 0 | AB78: =AA78/$F$8 -> 0 | AC78: =F78-AA78 -> 2.88 | AD78: =AC78*H78 -> 199.296 | AF78: =AE78*P78 -> 0 | AI78: =AA78+AG78 -> 0 | AJ78: =AI78/$F$8 -> 0 | AK78: =F78-AI78 -> 2.88 | AL78: =AK78*H78 -> 199.296
A79: 6.3 | D79: PORTAS DE ALUMÍNIO | I79: 461.96 | J79: 0.0003297359 | P79: =P80 -> 461.9664 | V79: =V80 -> 461.9664 | AD79: =AD80 -> 461.9664 | AL79: =AL80 -> 461.9664
A80: 6.3.1 | B80: 11947 | C80: ORSE | D80: Porta em alumínio, cor N/P/B, tipo veneziana (até 50%) e vidro (até 50%), de abrir ou correr, completa, inclusive caixilhos, dobradiças ou roldanas, fechadura exclusive vidro | E80: m² | F80: 1.68 | G80: 224.53 | H80: 274.98 | I80: 461.96 | J80: 0.0003297359 | L80: =K80*H80 -> 0 | M80: =K80 -> 0 | N80: =M80/F80 -> 0 | O80: =F80-M80 -> 1.68 | P80: =O80*H80 -> 461.9664 | R80: =Q80*H80 -> 0 | S80: =M80+Q80 -> 0 | T80: =S80/$F$8 -> 0 | U80: =F80-S80 -> 1.68 | V80: =U80*H80 -> 461.9664 | X80: =W80*H80 -> 0 | AA80: =S80+Y80 -> 0 | AB80: =AA80/$F$8 -> 0 | AC80: =F80-AA80 -> 1.68 | AD80: =AC80*H80 -> 461.9664 | AF80: =AE80*P80 -> 0 | AI80: =AA80+AG80 -> 0 | AJ80: =AI80/$F$8 -> 0 | AK80: =F80-AI80 -> 1.68 | AL80: =AK80*H80 -> 461.9664
A81: 6.4 | D81: JANELAS DE ALUMÍNIO | I81: 120131.96 | J81: 0.085747295 | P81: =SUM(P82:P92) -> 120132.01 | V81: =SUM(V82:V92) -> 120132.01 | AD81: =SUM(AD82:AD92) -> 120132.01 | AL81: =SUM(AL82:AL92) -> 120132.01
A82: 6.4.1 | B82: 94569 | C82: SINAPI | D82: JANELA DE ALUMÍNIO TIPO MAXIM-AR, COM VIDROS, BATENTE E FERRAGENS. EXCLUSIVE ALIZAR, ACABAMENTO E CONTRAMARCO. FORNECIMENTO E INSTALAÇÃO. AF_12/2019 | E82: m² | F82: 0.24 | G82: 1057.71 | H82: 1295.37 | I82: 310.88 | J82: 0.00022189864 | L82: =K82*H82 -> 0 | M82: =K82 -> 0 | N82: =M82/F82 -> 0 | O82: =F82-M82 -> 0.24 | P82: =O82*H82 -> 310.8888 | R82: =Q82*H82 -> 0 | S82: =M82+Q82 -> 0 | T82: =S82/$F$8 -> 0 | U82: =F82-S82 -> 0.24 | V82: =U82*H82 -> 310.8888 | X82: =W82*H82 -> 0 | AA82: =S82+Y82 -> 0 | AB82: =AA82/$F$8 -> 0 | AC82: =F82-AA82 -> 0.24 | AD82: =AC82*H82 -> 310.8888 | AF82: =AE82*P82 -> 0 | AI82: =AA82+AG82 -> 0 | AJ82: =AI82/$F$8 -> 0 | AK82: =F82-AI82 -> 0.24 | AL82: =AK82*H82 -> 310.8888
A83: 6.4.2 | B83: 94569 | C83: SINAPI | D83: JANELA DE ALUMÍNIO TIPO MAXIM-AR, COM VIDROS, BATENTE E FERRAGENS. EXCLUSIVE ALIZAR, ACABAMENTO E CONTRAMARCO. FORNECIMENTO E INSTALAÇÃO. AF_12/2019 | E83: m² | F83: 1.08 | G83: 1057.71 | H83: 1295.37 | I83: 1398.99 | J83: 0.00099856531 | L83: =K83*H83 -> 0 | M83: =K83 -> 0 | N83: =M83/F83 -> 0 | O83: =F83-M83 -> 1.08 | P83: =O83*H83 -> 1398.9996 | R83: =Q83*H83 -> 0 | S83: =M83+Q83 -> 0 | T83: =S83/$F$8 -> 0 | U83: =F83-S83 -> 1.08 | V83: =U83*H83 -> 1398.9996 | X83: =W83*H83 -> 0 | AA83: =S83+Y83 -> 0 | AB83: =AA83/$F$8 -> 0 | AC83: =F83-AA83 -> 1.08 | AD83: =AC83*H83 -> 1398.9996 | AF83: =AE83*P83 -> 0 | AI83: =AA83+AG83 -> 0 | AJ83: =AI83/$F$8 -> 0 | AK83: =F83-AI83 -> 1.08 | AL83: =AK83*H83 -> 1398.9996
A84: 6.4.3 | B84: 94569 | C84: SINAPI | D84: JANELA DE ALUMÍNIO TIPO MAXIM-AR, COM VIDROS, BATENTE E FERRAGENS. EXCLUSIVE ALIZAR, ACABAMENTO E CONTRAMARCO. FORNECIMENTO E INSTALAÇÃO. AF_12/2019 | E84: m² | F84: 3.2 | G84: 1057.71 | H84: 1295.37 | I84: 4145.18 | J84: 0.0029587295 | L84: =K84*H84 -> 0 | M84: =K84 -> 0 | N84: =M84/F84 -> 0 | O84: =F84-M84 -> 3.2 | P84: =O84*H84 -> 4145.184 | R84: =Q84*H84 -> 0 | S84: =M84+Q84 -> 0 | T84: =S84/$F$8 -> 0 | U84: =F84-S84 -> 3.2 | V84: =U84*H84 -> 4145.184 | X84: =W84*H84 -> 0 | AA84: =S84+Y84 -> 0 | AB84: =AA84/$F$8 -> 0 | AC84: =F84-AA84 -> 3.2 | AD84: =AC84*H84 -> 4145.184 | AF84: =AE84*P84 -> 0 | AI84: =AA84+AG84 -> 0 | AJ84: =AI84/$F$8 -> 0 | AK84: =F84-AI84 -> 3.2 | AL84: =AK84*H84 -> 4145.184
A85: 6.4.4 | B85: 94570 | C85: SINAPI | D85: JANELA DE ALUMÍNIO DE CORRER COM 2 FOLHAS PARA VIDROS, COM VIDROS, BATENTE, ACABAMENTO COM ACETATO OU BRILHANTE E FERRAGENS. EXCLUSIVE ALIZAR E CONTRAMARCO. FORNECIMENTO E INSTALAÇÃO. AF_12/2019 | E85: m² | F85: 0.6 | G85: 562.35 | H85: 688.71 | I85: 413.22 | J85: 0.00029494647 | L85: =K85*H85 -> 0 | M85: =K85 -> 0 | N85: =M85/F85 -> 0 | O85: =F85-M85 -> 0.6 | P85: =O85*H85 -> 413.226 | R85: =Q85*H85 -> 0 | S85: =M85+Q85 -> 0 | T85: =S85/$F$8 -> 0 | U85: =F85-S85 -> 0.6 | V85: =U85*H85 -> 413.226 | X85: =W85*H85 -> 0 | AA85: =S85+Y85 -> 0 | AB85: =AA85/$F$8 -> 0 | AC85: =F85-AA85 -> 0.6 | AD85: =AC85*H85 -> 413.226 | AF85: =AE85*P85 -> 0 | AI85: =AA85+AG85 -> 0 | AJ85: =AI85/$F$8 -> 0 | AK85: =F85-AI85 -> 0.6 | AL85: =AK85*H85 -> 413.226
A86: 6.4.5 | B86: 94570 | C86: SINAPI | D86: JANELA DE ALUMÍNIO DE CORRER COM 2 FOLHAS PARA VIDROS, COM VIDROS, BATENTE, ACABAMENTO COM ACETATO OU BRILHANTE E FERRAGENS. EXCLUSIVE ALIZAR E CONTRAMARCO. FORNECIMENTO E INSTALAÇÃO. AF_12/2019 | E86: m² | F86: 6 | G86: 562.35 | H86: 688.71 | I86: 4132.26 | J86: 0.0029495075 | L86: =K86*H86 -> 0 | M86: =K86 -> 0 | N86: =M86/F86 -> 0 | O86: =F86-M86 -> 6 | P86: =O86*H86 -> 4132.26 | R86: =Q86*H86 -> 0 | S86: =M86+Q86 -> 0 | T86: =S86/$F$8 -> 0 | U86: =F86-S86 -> 6 | V86: =U86*H86 -> 4132.26 | X86: =W86*H86 -> 0 | AA86: =S86+Y86 -> 0 | AB86: =AA86/$F$8 -> 0 | AC86: =F86-AA86 -> 6 | AD86: =AC86*H86 -> 4132.26 | AF86: =AE86*P86 -> 0 | AI86: =AA86+AG86 -> 0 | AJ86: =AI86/$F$8 -> 0 | AK86: =F86-AI86 -> 6 | AL86: =AK86*H86 -> 4132.26
A87: 6.4.6 | B87: 94569 | C87: SINAPI | D87: JANELA DE ALUMÍNIO TIPO MAXIM-AR, COM VIDROS, BATENTE E FERRAGENS. EXCLUSIVE ALIZAR, ACABAMENTO E CONTRAMARCO. FORNECIMENTO E INSTALAÇÃO. AF_12/2019 | E87: m² | F87: 3.3 | G87: 1057.71 | H87: 1295.37 | I87: 4274.72 | J87: 0.003051192 | L87: =K87*H87 -> 0 | M87: =K87 -> 0 | N87: =M87/F87 -> 0 | O87: =F87-M87 -> 3.3 | P87: =O87*H87 -> 4274.721 | R87: =Q87*H87 -> 0 | S87: =M87+Q87 -> 0 | T87: =S87/$F$8 -> 0 | U87: =F87-S87 -> 3.3 | V87: =U87*H87 -> 4274.721 | X87: =W87*H87 -> 0 | AA87: =S87+Y87 -> 0 | AB87: =AA87/$F$8 -> 0 | AC87: =F87-AA87 -> 3.3 | AD87: =AC87*H87 -> 4274.721 | AF87: =AE87*P87 -> 0 | AI87: =AA87+AG87 -> 0 | AJ87: =AI87/$F$8 -> 0 | AK87: =F87-AI87 -> 3.3 | AL87: =AK87*H87 -> 4274.721
A88: 6.4.7 | B88: 94569 | C88: SINAPI | D88: JANELA DE ALUMÍNIO TIPO MAXIM-AR, COM VIDROS, BATENTE E FERRAGENS. EXCLUSIVE ALIZAR, ACABAMENTO E CONTRAMARCO. FORNECIMENTO E INSTALAÇÃO. AF_12/2019 | E88: m² | F88: 8.8 | G88: 1057.71 | H88: 1295.37 | I88: 11399.25 | J88: 0.0081365096 | L88: =K88*H88 -> 0 | M88: =K88 -> 0 | N88: =M88/F88 -> 0 | O88: =F88-M88 -> 8.8 | P88: =O88*H88 -> 11399.256 | R88: =Q88*H88 -> 0 | S88: =M88+Q88 -> 0 | T88: =S88/$F$8 -> 0 | U88: =F88-S88 -> 8.8 | V88: =U88*H88 -> 11399.256 | X88: =W88*H88 -> 0 | AA88: =S88+Y88 -> 0 | AB88: =AA88/$F$8 -> 0 | AC88: =F88-AA88 -> 8.8 | AD88: =AC88*H88 -> 11399.256 | AF88: =AE88*P88 -> 0 | AI88: =AA88+AG88 -> 0 | AJ88: =AI88/$F$8 -> 0 | AK88: =F88-AI88 -> 8.8 | AL88: =AK88*H88 -> 11399.256
A89: 6.4.8 | B89: 94569 | C89: SINAPI | D89: JANELA DE ALUMÍNIO TIPO MAXIM-AR, COM VIDROS, BATENTE E FERRAGENS. EXCLUSIVE ALIZAR, ACABAMENTO E CONTRAMARCO. FORNECIMENTO E INSTALAÇÃO. AF_12/2019 | E89: m² | F89: 67.76 | G89: 1057.71 | H89: 1295.37 | I89: 87774.27 | J89: 0.062651156 | L89: =K89*H89 -> 0 | M89: =K89 -> 0 | N89: =M89/F89 -> 0 | O89: =F89-M89 -> 67.76 | P89: =O89*H89 -> 87774.271 | R89: =Q89*H89 -> 0 | S89: =M89+Q89 -> 0 | T89: =S89/$F$8 -> 0 | U89: =F89-S89 -> 67.76 | V89: =U89*H89 -> 87774.271 | X89: =W89*H89 -> 0 | AA89: =S89+Y89 -> 0 | AB89: =AA89/$F$8 -> 0 | AC89: =F89-AA89 -> 67.76 | AD89: =AC89*H89 -> 87774.271 | AF89: =AE89*P89 -> 0 | AI89: =AA89+AG89 -> 0 | AJ89: =AI89/$F$8 -> 0 | AK89: =F89-AI89 -> 67.76 | AL89: =AK89*H89 -> 87774.271
A90: 6.4.9 | B90: C1516 | C90: SEINFRA | D90: JANELA DE ALUMÍNIO, TIPO VENEZIANA | E90: m² | F90: 6.48 | G90: 395.17 | H90: 483.96 | I90: 3136.06 | J90: 0.002238444 | L90: =K90*H90 -> 0 | M90: =K90 -> 0 | N90: =M90/F90 -> 0 | O90: =F90-M90 -> 6.48 | P90: =O90*H90 -> 3136.0608 | R90: =Q90*H90 -> 0 | S90: =M90+Q90 -> 0 | T90: =S90/$F$8 -> 0 | U90: =F90-S90 -> 6.48 | V90: =U90*H90 -> 3136.0608 | X90: =W90*H90 -> 0 | AA90: =S90+Y90 -> 0 | AB90: =AA90/$F$8 -> 0 | AC90: =F90-AA90 -> 6.48 | AD90: =AC90*H90 -> 3136.0608 | AF90: =AE90*P90 -> 0 | AI90: =AA90+AG90 -> 0 | AJ90: =AI90/$F$8 -> 0 | AK90: =F90-AI90 -> 6.48 | AL90: =AK90*H90 -> 3136.0608
A91: 6.4.10 | B91: 100674 | C91: SINAPI | D91: JANELA FIXA DE ALUMÍNIO PARA VIDRO, COM VIDRO, BATENTE E FERRAGENS. EXCLUSIVE ACABAMENTO, ALIZAR E CONTRAMARCO. FORNECIMENTO E INSTALAÇÃO. AF_12/2019 | E91: m² | F91: 1.98 | G91: 1199.05 | H91: 1468.47 | I91: 2907.57 | J91: 0.0020753533 | L91: =K91*H91 -> 0 | M91: =K91 -> 0 | N91: =M91/F91 -> 0 | O91: =F91-M91 -> 1.98 | P91: =O91*H91 -> 2907.5706 | R91: =Q91*H91 -> 0 | S91: =M91+Q91 -> 0 | T91: =S91/$F$8 -> 0 | U91: =F91-S91 -> 1.98 | V91: =U91*H91 -> 2907.5706 | X91: =W91*H91 -> 0 | AA91: =S91+Y91 -> 0 | AB91: =AA91/$F$8 -> 0 | AC91: =F91-AA91 -> 1.98 | AD91: =AC91*H91 -> 2907.5706 | AF91: =AE91*P91 -> 0 | AI91: =AA91+AG91 -> 0 | AJ91: =AI91/$F$8 -> 0 | AK91: =F91-AI91 -> 1.98 | AL91: =AK91*H91 -> 2907.5706
A92: 6.4.11 | B92: 1897 | C92: ORSE | D92: Tela de nylon tipo mosquiteiro com moldura em madeira, para esquadrias - Rev 01 | E92: m² | F92: 4.2 | G92: 46.58 | H92: 57.04 | I92: 239.56 | J92: 0.00017099215 | L92: =K92*H92 -> 0 | M92: =K92 -> 0 | N92: =M92/F92 -> 0 | O92: =F92-M92 -> 4.2 | P92: =O92*H92 -> 239.568 | R92: =Q92*H92 -> 0 | S92: =M92+Q92 -> 0 | T92: =S92/$F$8 -> 0 | U92: =F92-S92 -> 4.2 | V92: =U92*H92 -> 239.568 | X92: =W92*H92 -> 0 | AA92: =S92+Y92 -> 0 | AB92: =AA92/$F$8 -> 0 | AC92: =F92-AA92 -> 4.2 | AD92: =AC92*H92 -> 239.568 | AF92: =AE92*P92 -> 0 | AI92: =AA92+AG92 -> 0 | AJ92: =AI92/$F$8 -> 0 | AK92: =F92-AI92 -> 4.2 | AL92: =AK92*H92 -> 239.568
A93: 6.5 | D93: VIDROS | I93: 2280.14 | J93: 0.0016275089 | P93: =SUM(P94:P95) -> 2280.1504 | V93: =SUM(V94:V95) -> 2280.1504 | AD93: =SUM(AD94:AD95) -> 2280.1504 | AL93: =SUM(AL94:AL95) -> 2280.1504
A94: 6.5.1 | B94: C4949 | C94: SEINFRA | D94: VIDRO TEMPERADO INCOLOR C/MASSA E=6MM, COLOCADO | E94: m² | F94: 1.98 | G94: 196.85 | H94: 241.08 | I94: 477.33 | J94: 0.00034070664 | L94: =K94*H94 -> 0 | M94: =K94 -> 0 | N94: =M94/F94 -> 0 | O94: =F94-M94 -> 1.98 | P94: =O94*H94 -> 477.3384 | R94: =Q94*H94 -> 0 | S94: =M94+Q94 -> 0 | T94: =S94/$F$8 -> 0 | U94: =F94-S94 -> 1.98 | V94: =U94*H94 -> 477.3384 | X94: =W94*H94 -> 0 | AA94: =S94+Y94 -> 0 | AB94: =AA94/$F$8 -> 0 | AC94: =F94-AA94 -> 1.98 | AD94: =AC94*H94 -> 477.3384 | AF94: =AE94*P94 -> 0 | AI94: =AA94+AG94 -> 0 | AJ94: =AI94/$F$8 -> 0 | AK94: =F94-AI94 -> 1.98 | AL94: =AK94*H94 -> 477.3384
A95: 6.5.2 | B95: C4835 | C95: SEINFRA | D95: ESPELHO CRISTAL, ESPESSURA 4MM, COM PARAFUSOS DE FIXAÇÃO, SEM MOLDURA | E95: m² | F95: 4.4 | G95: 334.56 | H95: 409.73 | I95: 1802.81 | J95: 0.0012868023 | L95: =K95*H95 -> 0 | M95: =K95 -> 0 | N95: =M95/F95 -> 0 | O95: =F95-M95 -> 4.4 | P95: =O95*H95 -> 1802.812 | R95: =Q95*H95 -> 0 | S95: =M95+Q95 -> 0 | T95: =S95/$F$8 -> 0 | U95: =F95-S95 -> 4.4 | V95: =U95*H95 -> 1802.812 | X95: =W95*H95 -> 0 | AA95: =S95+Y95 -> 0 | AB95: =AA95/$F$8 -> 0 | AC95: =F95-AA95 -> 4.4 | AD95: =AC95*H95 -> 1802.812 | AF95: =AE95*P95 -> 0 | AI95: =AA95+AG95 -> 0 | AJ95: =AI95/$F$8 -> 0 | AK95: =F95-AI95 -> 4.4 | AL95: =AK95*H95 -> 1802.812
A96: 7 | D96: SISTEMAS DE COBERTURA | I96: 219581.14 | J96: 0.15673172 | P96: =SUM(P97:P104) -> 219581.17 | V96: =SUM(V97:V104) -> 219581.17 | AD96: =SUM(AD97:AD104) -> 219581.17 | AL96: =SUM(AL97:AL104) -> 219581.17
A97: 7.1 | B97: 92550 | C97: SINAPI | D97: FABRICAÇÃO E INSTALAÇÃO DE TESOURA INTEIRA EM MADEIRA NÃO APARELHADA, VÃO DE 8 M, PARA TELHA CERÂMICA OU DE CONCRETO, INCLUSO IÇAMENTO. AF_07/2019 | E97: UN | F97: 23 | G97: 1418.51 | H97: 1737.24 | I97: 39956.52 | J97: 0.02852 | L97: =K97*H97 -> 0 | M97: =K97 -> 0 | N97: =M97/F97 -> 0 | O97: =F97-M97 -> 23 | P97: =O97*H97 -> 39956.52 | R97: =Q97*H97 -> 0 | S97: =M97+Q97 -> 0 | T97: =S97/$F$8 -> 0 | U97: =F97-S97 -> 23 | V97: =U97*H97 -> 39956.52 | X97: =W97*H97 -> 0 | AA97: =S97+Y97 -> 0 | AB97: =AA97/$F$8 -> 0 | AC97: =F97-AA97 -> 23 | AD97: =AC97*H97 -> 39956.52 | AF97: =AE97*P97 -> 0 | AI97: =AA97+AG97 -> 0 | AJ97: =AI97/$F$8 -> 0 | AK97: =F97-AI97 -> 23 | AL97: =AK97*H97 -> 39956.52
A98: 7.2 | B98: 92549 | C98: SINAPI | D98: FABRICAÇÃO E INSTALAÇÃO DE TESOURA INTEIRA EM MADEIRA NÃO APARELHADA, VÃO DE 7 M, PARA TELHA CERÂMICA OU DE CONCRETO, INCLUSO IÇAMENTO. AF_07/2019 | E98: UN | F98: 10 | G98: 1151.54 | H98: 1410.29 | I98: 14102.9 | J98: 0.01006631 | L98: =K98*H98 -> 0 | M98: =K98 -> 0 | N98: =M98/F98 -> 0 | O98: =F98-M98 -> 10 | P98: =O98*H98 -> 14102.9 | R98: =Q98*H98 -> 0 | S98: =M98+Q98 -> 0 | T98: =S98/$F$8 -> 0 | U98: =F98-S98 -> 10 | V98: =U98*H98 -> 14102.9 | X98: =W98*H98 -> 0 | AA98: =S98+Y98 -> 0 | AB98: =AA98/$F$8 -> 0 | AC98: =F98-AA98 -> 10 | AD98: =AC98*H98 -> 14102.9 | AF98: =AE98*P98 -> 0 | AI98: =AA98+AG98 -> 0 | AJ98: =AI98/$F$8 -> 0 | AK98: =F98-AI98 -> 10 | AL98: =AK98*H98 -> 14102.9
A99: 7.3 | B99: 92548 | C99: SINAPI | D99: FABRICAÇÃO E INSTALAÇÃO DE TESOURA INTEIRA EM MADEIRA NÃO APARELHADA, VÃO DE 6 M, PARA TELHA CERÂMICA OU DE CONCRETO, INCLUSO IÇAMENTO. AF_07/2019 | E99: UN | F99: 6 | G99: 916.15 | H99: 1122 | I99: 6732 | J99: 0.0048051392 | L99: =K99*H99 -> 0 | M99: =K99 -> 0 | N99: =M99/F99 -> 0 | O99: =F99-M99 -> 6 | P99: =O99*H99 -> 6732 | R99: =Q99*H99 -> 0 | S99: =M99+Q99 -> 0 | T99: =S99/$F$8 -> 0 | U99: =F99-S99 -> 6 | V99: =U99*H99 -> 6732 | X99: =W99*H99 -> 0 | AA99: =S99+Y99 -> 0 | AB99: =AA99/$F$8 -> 0 | AC99: =F99-AA99 -> 6 | AD99: =AC99*H99 -> 6732 | AF99: =AE99*P99 -> 0 | AI99: =AA99+AG99 -> 0 | AJ99: =AI99/$F$8 -> 0 | AK99: =F99-AI99 -> 6 | AL99: =AK99*H99 -> 6732
A100: 7.4 | B100: 92584 | C100: SINAPI | D100: FABRICAÇÃO E INSTALAÇÃO DE TESOURA INTEIRA EM AÇO, VÃO DE 4 M, PARA TELHA CERÂMICA OU DE CONCRETO, INCLUSO IÇAMENTO. AF_12/2015 | E100: UN | F100: 6 | G100: 676.62 | H100: 828.65 | I100: 4971.9 | J100: 0.0035488223 | L100: =K100*H100 -> 0 | M100: =K100 -> 0 | N100: =M100/F100 -> 0 | O100: =F100-M100 -> 6 | P100: =O100*H100 -> 4971.9 | R100: =Q100*H100 -> 0 | S100: =M100+Q100 -> 0 | T100: =S100/$F$8 -> 0 | U100: =F100-S100 -> 6 | V100: =U100*H100 -> 4971.9 | X100: =W100*H100 -> 0 | AA100: =S100+Y100 -> 0 | AB100: =AA100/$F$8 -> 0 | AC100: =F100-AA100 -> 6 | AD100: =AC100*H100 -> 4971.9 | AF100: =AE100*P100 -> 0 | AI100: =AA100+AG100 -> 0 | AJ100: =AI100/$F$8 -> 0 | AK100: =F100-AI100 -> 6 | AL100: =AK100*H100 -> 4971.9
...

Sheet BM 02
A2: BOLETIM DE MEDIÇÃO
A4: PROGRAMA: | B4: INTEGRA PARAIBA | C4: MODALIDADE: ESCOLA | H4: EMPREENDIMENTO: | J4: GESTOR: | L4: DATA DA MEDIÇÃO | M4: 45777
J5: ESTADO DA PARAÍBA
A7: CONTRATANTE: | D7: CNPJ: | F7: CONTRATADA: CONSTRUTORA SOUSA CAMPOS | J7: CNPJ: 19.175.657/0001-18 | L7: INICIO DA OBRA; | M7: 45579
A8: PREFEITURA MUNICIPAL DE MOGEIRO | D8: 08.866.501/0001-67
A10: OBJETO: | B10: CONTRATAÇÃO DE EMPRESA PARA CONSTRUÇÃO DE UMA ESCOLA COM 6 SALAS DE AULA. TIPO A INTEGRA PARAIBA. | F10: PROCESSO/OPERAÇÃO: | H10: CONTRATO-CPL: | J10: N° MEDIÇÃO | L10: PERÍODO DA MEDIÇÃO:
H11: 00125/2024-CPL | J11: 02 | L11: DE 01/03/2025 a 30/04/2025
A13: LOCAL: | B13: AVENIDA JOSÉ AMÉRICO, Z/N, BAIRRO MARIA PEIXOTO, MOGEIRO-PB | F13: VALOR CONTRATADO | H13: VALOR DA MEDIÇÃO | J13: VALOR ACUMULADO | L13: SALDO DO CONTRATO
F14: =F316 -> 1401000 | H14: =K324 -> 78962.1 | J14: =L324 -> 132128.8 | L14: =F14-J14 -> 1268871.2
A16: ITEM | B16: DISCRIMINAÇÃO | C16: CONTRATADO | G16: QUANTITATIVO | J16: FINANCEIRO | M16: PERCENTUAL MEDIDO
C17: UNID | D17: QUANT. | E17: UNITÁRIO | F17: TOTAL | G17: ACUMULADO ANTERIOR | H17: PERIODO | I17: ACUMULADO INCLUINDO O PERIODO | J17: ACUMULADO ANTERIOR | K17: PERIODO | L17: ACUMULADO INCLUINDO O PERIODO
A19: 1 | B19: SERVIÇOS PRELIMINARES | F19: =SUM(F20:F29) -> 73151.734 | J19: =SUM(J20:J29) -> 53166.7 | K19: =SUM(K20:K29) -> 17300.3 | L19: =J19+K19 -> 70467 | M19: =L19/F19 -> 0.96329911
A20: 1.1 | B20: Placa de obra em chapa aço galvanizado, instalada - Rev 02_01/2022 | C20: m² | D20: 10 | E20: 311.37 | F20: =E20*D20 -> 3113.7 | G20: 10 | I20: 10 | J20: =TRUNC(E20*G20,2) -> 3113.7 | K20: =TRUNC(E20*H20,2) -> 0 | L20: =J20+K20 -> 3113.7 | M20: =L20/F20 -> 1
A21: 1.2 | B21: TAPUME COM COMPENSADO DE MADEIRA. AF_05/2018 | C21: m² | D21: 176 | E21: 92.8 | F21: =E21*D21 -> 16332.8 | G21: 176 | I21: 176 | J21: =TRUNC(E21*G21,2) -> 16332.8 | K21: =TRUNC(E21*H21,2) -> 0 | L21: =J21+K21 -> 16332.8 | M21: =L21/F21 -> 1
A22: 1.3 | B22: INSTALAÇÕES PROVISÓRIAS DE LUZ , FORÇA,TELEFONE E LÓGICA | C22: UN | D22: 1 | E22: 1140.85 | F22: =E22*D22 -> 1140.85 | G22: 0 | H22: ='MEMORIA DE CALCULO'!H53 -> 1 | I22: =G22+H22 -> 1 | J22: =TRUNC(E22*G22,2) -> 0 | K22: =TRUNC(E22*H22,2) -> 1140.85 | L22: =J22+K22 -> 1140.85 | M22: =L22/F22 -> 1
A23: 1.4 | B23: EXECUÇÃO DE RESERVATÓRIO ELEVADO DE ÁGUA (1000 LITROS) EM CANTEIRO DE OBRA, APOIADO EM ESTRUTURA DE MADEIRA. AF_02/2016_PA | C23: UN | D23: 1 | E23: 4511.19 | F23: =E23*D23 -> 4511.19 | G23: 0 | H23: ='MEMORIA DE CALCULO'!H61 -> 1 | I23: =G23+H23 -> 1 | J23: =TRUNC(E23*G23,2) -> 0 | K23: =TRUNC(E23*H23,2) -> 4511.19 | L23: =J23+K23 -> 4511.19 | M23: =L23/F23 -> 1
A24: 1.5 | B24: FOSSA SÉPTICA E SUMIDOURO EM ALVENARIA | C24: UN | D24: 1 | E24: 4397.61 | F24: =E24*D24 -> 4397.61 | G24: 0 | H24: ='MEMORIA DE CALCULO'!H69 -> 1 | I24: =G24+H24 -> 1 | J24: =TRUNC(E24*G24,2) -> 0 | K24: =TRUNC(E24*H24,2) -> 4397.61 | L24: =J24+K24 -> 4397.61 | M24: =L24/F24 -> 1
A25: 1.6 | B25: EXECUÇÃO DE SANITÁRIO E VESTIÁRIO EM CANTEIRO DE OBRA EM CHAPA DE MADEIRA COMPENSADA, NÃO INCLUSO MOBILIÁRIO. AF_02/2016 | C25: m² | D25: 2.52 | E25: 831.62 | F25: =E25*D25 -> 2095.6824 | G25: 0 | H25: ='MEMORIA DE CALCULO'!H77 -> 2.52 | I25: =G25+H25 -> 2.52 | J25: =TRUNC(E25*G25,2) -> 0 | K25: =TRUNC(E25*H25,2) -> 2095.68 | L25: =J25+K25 -> 2095.68 | M25: =L25/F25 -> 0.99999885
A26: 1.7 | B26: EXECUÇÃO DE ESCRITÓRIO EM CANTEIRO DE OBRA EM CHAPA DE MADEIRA COMPENSADA, NÃO INCLUSO MOBILIÁRIO E EQUIPAMENTOS. AF_02/2016 | C26: m² | D26: 20 | E26: 893.23 | F26: =E26*D26 -> 17864.6 | G26: 20 | I26: =G26+H26 -> 20 | J26: =TRUNC(E26*G26,2) -> 17864.6 | K26: =TRUNC(E26*H26,2) -> 0 | L26: =J26+K26 -> 17864.6 | M26: =L26/F26 -> 1
A27: 1.8 | B27: EXECUÇÃO DE DEPÓSITO EM CANTEIRO DE OBRA EM CHAPA DE MADEIRA COMPENSADA, NÃO INCLUSO MOBILIÁRIO. AF_04/2016 | C27: m² | D27: 20 | E27: 732.78 | F27: =E27*D27 -> 14655.6 | G27: 20 | I27: =G27+H27 -> 20 | J27: =TRUNC(E27*G27,2) -> 14655.6 | K27: =TRUNC(E27*H27,2) -> 0 | L27: =J27+K27 -> 14655.6 | M27: =L27/F27 -> 1
A28: 1.9 | B28: LOCAÇÃO DA OBRA - EXECUÇÃO DE GABARITO | C28: m² | D28: 1129.64 | E28: 6.94 | F28: =E28*D28 -> 7839.7016 | G28: 0 | H28: ='MEMORIA DE CALCULO'!H85 -> 742.7912 | I28: =G28+H28 -> 742.7912 | J28: =TRUNC(E28*G28,2) -> 0 | K28: =TRUNC(E28*H28,2) -> 5154.97 | L28: =J28+K28 -> 5154.97 | M28: =L28/F28 -> 0.65754671
A29: 1.10 | B29: LIMPEZA MECANIZADA DE CAMADA VEGETAL, VEGETAÇÃO E PEQUENAS ÁRVORES (DIÂMETRO DE TRONCO MENOR QUE 0,20 M), COM TRATOR DE ESTEIRAS.AF_05/2018 | C29: m² | D29: 4000 | E29: 0.3 | F29: =E29*D29 -> 1200 | G29: 4000 | I29: =G29+H29 -> 4000 | J29: =TRUNC(E29*G29,2) -> 1200 | K29: =TRUNC(E29*H29,2) -> 0 | L29: =J29+K29 -> 1200 | M29: =L29/F29 -> 1
A30: 2 | B30: MOVIMENTO DE TERRAS PARA FUNDAÇÕES | F30: =SUM(F31:F34) -> 31327.78 | J30: =SUM(J31:J34) -> 0 | K30: =SUM(K31:K34) -> 9087.8 | L30: =K30 -> 9087.8 | M30: =L30/F30 -> 0.29008758
A31: 2.1 | B31: ATERRO MANUAL DE VALAS COM SOLO ARGILO-ARENOSO E COMPACTAÇÃO MECANIZADA. AF_05/2016 | C31: m³ | D31: 168.5 | E31: 66.13 | F31: 11142.9 | G31: 0 | H31: ='MEMORIA DE CALCULO'!H94 -> 54.3828 | I31: =G31+H31 -> 54.3828 | J31: =TRUNC(E31*G31,2) -> 0 | K31: =TRUNC(E31*H31,2) -> 3596.33 | L31: =J31+K31 -> 3596.33 | M31: =L31/F31 -> 0.32274632
A32: 2.2 | B32: ESCAVAÇÃO MANUAL DE VALA COM PROFUNDIDADE MENOR OU IGUAL A 1,30 M. AF_02/2021 | C32: m³ | D32: 94.33 | E32: 69.08 | F32: 6516.31 | G32: 0 | H32: ='MEMORIA DE CALCULO'!H103 -> 79.4944 | I32: =G32+H32 -> 79.4944 | J32: =TRUNC(E32*G32,2) -> 0 | K32: =TRUNC(E32*H32,2) -> 5491.47 | L32: =J32+K32 -> 5491.47 | M32: =L32/F32 -> 0.84272694
A33: 2.3 | B33: ATERRO MANUAL DE VALAS COM SOLO ARGILO-ARENOSO E COMPACTAÇÃO MECANIZADA. AF_05/2016 | C33: m³ | D33: 184.58 | E33: 66.13 | F33: 12206.27 | G33: 0 | H33: 0 | I33: =G33+H33 -> 0 | J33: =TRUNC(E33*G33,2) -> 0 | K33: =TRUNC(E33*H33,2) -> 0 | L33: =J33+K33 -> 0 | M33: =L33/F33 -> 0
A34: 2.4 | B34: REATERRO MANUAL DE VALAS COM COMPACTAÇÃO MECANIZADA. AF_04/2016 | C34: m³ | D34: 55.58 | E34: 26.31 | F34: 1462.3 | G34: 0 | H34: 0 | I34: =G34+H34 -> 0 | J34: =TRUNC(E34*G34,2) -> 0 | K34: =TRUNC(E34*H34,2) -> 0 | L34: =J34+K34 -> 0 | M34: =L34/F34 -> 0
A35: 3 | B35: INFRAESTRUTURA: FUNDAÇÕES | F35: =F36+F45+F52 -> 110557.96 | J35: =J36+J45+J52 -> 0 | L35: =K35 -> 0 | M35: =L35/F35 -> 0
A36: 3.1 | B36: CONCRETO ARMADO PARA FUNDAÇÕES - SAPATAS | F36: =SUM(F37:F44) -> 40612.69 | J36: =SUM(J37:J44) -> 0 | K36: =SUM(K37:K44) -> 27829.43 | L36: =K36 -> 27829.43 | M36: =L36/F36 -> 0.68523976
A37: 3.1.1 | B37: LASTRO DE CONCRETO MAGRO, APLICADO EM BLOCOS DE COROAMENTO OU SAPATAS, ESPESSURA DE 5 CM. AF_08/2017 | C37: m² | D37: 61.88 | E37: 27.39 | F37: 1694.89 | G37: 0 | H37: ='MEMORIA DE CALCULO'!H114 -> 26.434 | I37: =G37+H37 -> 26.434 | J37: =TRUNC(E37*G37,2) -> 0 | K37: =TRUNC(E37*H37,2) -> 724.02 | L37: =J37+K37 -> 724.02 | M37: =L37/F37 -> 0.42717816
A38: 3.1.2 | B38: FABRICAÇÃO, MONTAGEM E DESMONTAGEM DE FÔRMA PARA SAPATA, EM MADEIRA SERRADA, E=25 MM, 4 UTILIZAÇÕES. AF_06/2017 | C38: m² | D38: 165.15 | E38: 128.27 | F38: 21183.79 | G38: 0 | H38: ='MEMORIA DE CALCULO'!H123 -> 112.3 | I38: =G38+H38 -> 112.3 | J38: =TRUNC(E38*G38,2) -> 0 | K38: =TRUNC(E38*H38,2) -> 14404.72 | L38: =J38+K38 -> 14404.72 | M38: =L38/F38 -> 0.67998786
A39: 3.1.3 | B39: ARMAÇÃO DE ESTRUTURAS DIVERSAS DE CONCRETO ARMADO, EXCETO VIGAS, PILARES, LAJES E FUNDAÇÕES, UTILIZANDO AÇO CA-50 DE 6,3 MM - MONTAGEM. AF_06/2022 | C39: KG | D39: 6.55 | E39: 14.13 | F39: 92.55 | G39: 0 | H39: 0 | I39: =G39+H39 -> 0 | J39: =TRUNC(E39*G39,2) -> 0 | K39: =TRUNC(E39*H39,2) -> 0 | L39: =J39+K39 -> 0 | M39: =L39/F39 -> 0
A40: 3.1.4 | B40: ARMAÇÃO DE ESTRUTURAS DIVERSAS DE CONCRETO ARMADO, EXCETO VIGAS, PILARES, LAJES E FUNDAÇÕES, UTILIZANDO AÇO CA-50 DE 8,0 MM - MONTAGEM. AF_06/2022 | C40: KG | D40: 32.45 | E40: 13.04 | F40: 423.14 | G40: 0 | H40: 0 | I40: =G40+H40 -> 0 | J40: =TRUNC(E40*G40,2) -> 0 | K40: =TRUNC(E40*H40,2) -> 0 | L40: =J40+K40 -> 0 | M40: =L40/F40 -> 0
A41: 3.1.5 | B41: ARMAÇÃO DE ESTRUTURAS DIVERSAS DE CONCRETO ARMADO, EXCETO VIGAS, PILARES, LAJES E FUNDAÇÕES, UTILIZANDO AÇO CA-50 DE 10,0 MM - MONTAGEM. AF_06/2022 | C41: KG | D41: 312.26 | E41: 11.49 | F41: 3587.86 | G41: 0 | H41: ='MEMORIA DE CALCULO'!H131 -> 312.26 | I41: =G41+H41 -> 312.26 | J41: =TRUNC(E41*G41,2) -> 0 | K41: =TRUNC(E41*H41,2) -> 3587.86 | L41: =J41+K41 -> 3587.86 | M41: =L41/F41 -> 1 | N41: 195.8
A42: 3.1.6 | B42: ARMAÇÃO DE ESTRUTURAS DIVERSAS DE CONCRETO ARMADO, EXCETO VIGAS, PILARES, LAJES E FUNDAÇÕES, UTILIZANDO AÇO CA-50 DE 12,5 MM - MONTAGEM. AF_06/2022 | C42: KG | D42: 32.64 | E42: 9.57 | F42: 312.36 | G42: 0 | I42: =G42+H42 -> 0 | J42: =TRUNC(E42*G42,2) -> 0 | K42: =TRUNC(E42*H42,2) -> 0 | L42: =J42+K42 -> 0 | M42: =L42/F42 -> 0
A43: 3.1.7 | B43: ARMAÇÃO DE ESTRUTURAS DIVERSAS DE CONCRETO ARMADO, EXCETO VIGAS, PILARES, LAJES E FUNDAÇÕES, UTILIZANDO AÇO CA-60 DE 5,0 MM - MONTAGEM. AF_06/2022 | C43: KG | D43: 307.55 | E43: 15.18 | F43: 4668.6 | G43: 0 | H43: ='MEMORIA DE CALCULO'!H142 -> 118.89 | I43: =G43+H43 -> 118.89 | J43: =TRUNC(E43*G43,2) -> 0 | K43: =TRUNC(E43*H43,2) -> 1804.75 | L43: =J43+K43 -> 1804.75 | M43: =L43/F43 -> 0.38657199
A44: 3.1.8 | B44: CONCRETAGEM DE SAPATAS, FCK 30 MPA, COM USO DE BOMBA  LANÇAMENTO, ADENSAMENTO E ACABAMENTO. AF_11/2016 | C44: m³ | D44: 16.12 | E44: 536.57 | F44: 8649.5 | G44: 0 | H44: ='MEMORIA DE CALCULO'!H151 -> 13.62 | I44: =G44+H44 -> 13.62 | J44: =TRUNC(E44*G44,2) -> 0 | K44: =TRUNC(E44*H44,2) -> 7308.08 | L44: =J44+K44 -> 7308.08 | M44: =L44/F44 -> 0.84491358
A45: 3.2 | B45: CONCRETO ARMADO PARA FUNDAÇÕES - VIGAS BALDRAMES | F45: =SUM(F46:F51) -> 62144.6 | J45: =SUM(J46:J51) -> 0 | K45: =K46+K47+K48+K49+K50+K51 -> 18078.35 | L45: =J45+K45 -> 18078.35 | M45: =L45/F45 -> 0.29090782
A46: 3.2.1 | B46: FABRICAÇÃO, MONTAGEM E DESMONTAGEM DE FÔRMA PARA VIGA BALDRAME, EM MADEIRA SERRADA, E=25 MM, 4 UTILIZAÇÕES. AF_06/2017 | C46: m² | D46: 463.48 | E46: 64.54 | F46: 29912.99 | G46: 0 | H46: ='MEMORIA DE CALCULO'!H160 -> 57.64 | I46: =G46+H46 -> 57.64 | J46: =TRUNC(E46*G46,2) -> 0 | K46: =TRUNC(E46*H46,2) -> 3720.08 | L46: =J46+K46 -> 3720.08 | M46: =L46/F46 -> 0.12436336
A47: 3.2.2 | B47: ARMAÇÃO DE ESTRUTURAS DIVERSAS DE CONCRETO ARMADO, EXCETO VIGAS, PILARES, LAJES E FUNDAÇÕES, UTILIZANDO AÇO CA-50 DE 6,3 MM - MONTAGEM. AF_06/2022 | C47: KG | D47: 0.73 | E47: 14.13 | F47: 10.31 | G47: 0 | H47: 0 | I47: =G47+H47 -> 0 | J47: =TRUNC(E47*G47,2) -> 0 | K47: =TRUNC(E47*H47,2) -> 0 | L47: =J47+K47 -> 0 | M47: =L47/F47 -> 0
A48: 3.2.3 | B48: ARMAÇÃO DE ESTRUTURAS DIVERSAS DE CONCRETO ARMADO, EXCETO VIGAS, PILARES, LAJES E FUNDAÇÕES, UTILIZANDO AÇO CA-50 DE 8,0 MM - MONTAGEM. AF_06/2022 | C48: KG | D48: 829.82 | E48: 13.04 | F48: 10820.85 | G48: 0 | H48: ='MEMORIA DE CALCULO'!H168 -> 412.32 | I48: =G48+H48 -> 412.32 | J48: =TRUNC(E48*G48,2) -> 0 | K48: =TRUNC(E48*H48,2) -> 5376.65 | L48: =J48+K48 -> 5376.65 | M48: =L48/F48 -> 0.49687871
A49: 3.2.4 | B49: ARMAÇÃO DE ESTRUTURAS DIVERSAS DE CONCRETO ARMADO, EXCETO VIGAS, PILARES, LAJES E FUNDAÇÕES, UTILIZANDO AÇO CA-50 DE 10,0 MM - MONTAGEM. AF_06/2022 | C49: KG | D49: 100.82 | E49: 11.49 | F49: 1158.42 | G49: 0 | I49: =G49+H49 -> 0 | J49: =TRUNC(E49*G49,2) -> 0 | K49: =TRUNC(E49*H49,2) -> 0 | L49: =J49+K49 -> 0 | M49: =L49/F49 -> 0
A50: 3.2.5 | B50: ARMAÇÃO DE ESTRUTURAS DIVERSAS DE CONCRETO ARMADO, EXCETO VIGAS, PILARES, LAJES E FUNDAÇÕES, UTILIZANDO AÇO CA-60 DE 5,0 MM - MONTAGEM. AF_06/2022 | C50: KG | D50: 395 | E50: 15.18 | F50: 5996.1 | G50: 0 | H50: ='MEMORIA DE CALCULO'!H176 -> 168.02 | I50: =G50+H50 -> 168.02 | J50: =TRUNC(E50*G50,2) -> 0 | K50: =TRUNC(E50*H50,2) -> 2550.54 | L50: =J50+K50 -> 2550.54 | M50: =L50/F50 -> 0.42536649
A51: 3.2.6 | B51: CONCRETAGEM DE BLOCOS DE COROAMENTO E VIGAS BALDRAMES, FCK 30 MPA, COM USO DE BOMBA  LANÇAMENTO, ADENSAMENTO E ACABAMENTO. AF_06/2017 | C51: m³ | D51: 26.87 | E51: 530.18 | F51: 14245.93 | G51: 0 | H51: ='MEMORIA DE CALCULO'!H184 -> 12.13 | I51: =G51+H51 -> 12.13 | J51: =TRUNC(E51*G51,2) -> 0 | K51: =TRUNC(E51*H51,2) -> 6431.08 | L51: =J51+K51 -> 6431.08 | M51: =L51/F51 -> 0.4514328
A52: 3.3 | B52: CONCRETO ARMADO PARA FUNDAÇÕES - BASE CAIXA D'ÁGUA | F52: =SUM(F53:F56) -> 7800.67 | J52: =SUM(J53:J56) -> 0 | M52: =L52/F52 -> 0
A53: 3.3.1 | B53: FABRICAÇÃO, MONTAGEM E DESMONTAGEM DE FÔRMA PARA SAPATA, EM MADEIRA SERRADA, E=25 MM, 4 UTILIZAÇÕES. AF_06/2017 | C53: m² | D53: 5.6 | E53: 128.27 | F53: 718.31 | G53: 0 | H53: 0 | I53: =G53+H53 -> 0 | J53: =TRUNC(E53*G53,2) -> 0 | K53: =TRUNC(E53*H53,2) -> 0 | L53: =J53+K53 -> 0 | M53: =L53/F53 -> 0
A54: 3.3.2 | B54: ARMAÇÃO DE ESTRUTURAS DIVERSAS DE CONCRETO ARMADO, EXCETO VIGAS, PILARES, LAJES E FUNDAÇÕES, UTILIZANDO AÇO CA-50 DE 10,0 MM - MONTAGEM. AF_06/2022 | C54: KG | D54: 325 | E54: 11.49 | F54: 3734.25 | G54: 0 | H54: 0 | I54: =G54+H54 -> 0 | J54: =TRUNC(E54*G54,2) -> 0 | K54: =TRUNC(E54*H54,2) -> 0 | L54: =J54+K54 -> 0 | M54: =L54/F54 -> 0
A55: 3.3.3 | B55: ARMAÇÃO DE ESTRUTURAS DIVERSAS DE CONCRETO ARMADO, EXCETO VIGAS, PILARES, LAJES E FUNDAÇÕES, UTILIZANDO AÇO CA-60 DE 5,0 MM - MONTAGEM. AF_06/2022 | C55: KG | D55: 82 | E55: 15.18 | F55: 1244.76 | G55: 0 | H55: 0 | I55: =G55+H55 -> 0 | J55: =TRUNC(E55*G55,2) -> 0 | K55: =TRUNC(E55*H55,2) -> 0 | L55: =J55+K55 -> 0 | M55: =L55/F55 -> 0
A56: 3.3.4 | B56: CONCRETAGEM DE SAPATAS, FCK 30 MPA, COM USO DE BOMBA  LANÇAMENTO, ADENSAMENTO E ACABAMENTO. AF_11/2016 | C56: m³ | D56: 3.92 | E56: 536.57 | F56: 2103.35 | G56: 0 | H56: 0 | I56: =G56+H56 -> 0 | J56: =TRUNC(E56*G56,2) -> 0 | K56: =TRUNC(E56*H56,2) -> 0 | L56: =J56+K56 -> 0 | M56: =L56/F56 -> 0
A57: 4 | B57: SUPERESTRUTURA | F57: =F58+F65+F71+F73 -> 173762.92 | M57: =L57/F57 -> 0
A58: 4.1 | B58: CONCRETO ARMADO - VIGAS | F58: =SUM(F59:F64) -> 65370.7 | J58: =SUM(J59:J59) -> 0 | K58: =SUM(K59:K59) -> 0 | L58: =SUM(L59:L59) -> 0 | M58: =L58/F58 -> 0
A59: 4.1.1 | B59: MONTAGEM E DESMONTAGEM DE FÔRMA DE VIGA, ESCORAMENTO COM GARFO DE MADEIRA, PÉ-DIREITO SIMPLES, EM CHAPA DE MADEIRA PLASTIFICADA, 12 UTILIZAÇÕES. AF_09/2020 | C59: m² | D59: 453.62 | E59: 77.74 | F59: 35264.41 | G59: 0 | H59: 0 | I59: =G59+H59 -> 0 | J59: =TRUNC(E59*G59,2) -> 0 | K59: =TRUNC(E59*H59,2) -> 0 | L59: =J59+K59 -> 0 | M59: =L59/F59 -> 0
A60: 4.1.2 | B60: ARMAÇÃO DE PILAR OU VIGA DE ESTRUTURA CONVENCIONAL DE CONCRETO ARMADO UTILIZANDO AÇO CA-50 DE 6,3 MM - MONTAGEM. AF_06/2022 | C60: KG | D60: 0.73 | E60: 12.52 | F60: 9.13 | G60: 0 | H60: 0 | I60: =G60+H60 -> 0 | J60: =TRUNC(E60*G60,2) -> 0 | K60: =TRUNC(E60*H60,2) -> 0 | L60: =J60+K60 -> 0 | M60: =L60/F60 -> 0
A61: 4.1.3 | B61: ARMAÇÃO DE PILAR OU VIGA DE ESTRUTURA CONVENCIONAL DE CONCRETO ARMADO UTILIZANDO AÇO CA-50 DE 8,0 MM - MONTAGEM. AF_06/2022 | C61: KG | D61: 829.82 | E61: 11.9 | F61: 9874.85 | G61: 0 | H61: 0 | I61: =G61+H61 -> 0 | J61: =TRUNC(E61*G61,2) -> 0 | K61: =TRUNC(E61*H61,2) -> 0 | L61: =J61+K61 -> 0 | M61: =L61/F61 -> 0
A62: 4.1.4 | B62: ARMAÇÃO DE PILAR OU VIGA DE ESTRUTURA CONVENCIONAL DE CONCRETO ARMADO UTILIZANDO AÇO CA-50 DE 10,0 MM - MONTAGEM. AF_06/2022 | C62: KG | D62: 100.82 | E62: 10.71 | F62: 1079.78 | G62: 0 | H62: 0 | I62: =G62+H62 -> 0 | J62: =TRUNC(E62*G62,2) -> 0 | K62: =TRUNC(E62*H62,2) -> 0 | L62: =J62+K62 -> 0 | M62: =L62/F62 -> 0
A63: 4.1.5 | B63: ARMAÇÃO DE PILAR OU VIGA DE ESTRUTURA CONVENCIONAL DE CONCRETO ARMADO UTILIZANDO AÇO CA-60 DE 5,0 MM - MONTAGEM. AF_06/2022 | C63: KG | D63: 379 | E63: 13.01 | F63: 4930.79 | G63: 0 | H63: 0 | I63: =G63+H63 -> 0 | J63: =TRUNC(E63*G63,2) -> 0 | K63: =TRUNC(E63*H63,2) -> 0 | L63: =J63+K63 -> 0 | M63: =L63/F63 -> 0
A64: 4.1.6 | B64: CONCRETAGEM DE VIGAS E LAJES, FCK=25 MPA, PARA LAJES MACIÇAS OU NERVURADAS COM USO DE BOMBA - LANÇAMENTO, ADENSAMENTO E ACABAMENTO. AF_02/2022_PS | C64: m³ | D64: 27.81 | E64: 511.03 | F64: 14211.74 | G64: 0 | H64: 0 | I64: =G64+H64 -> 0 | J64: =TRUNC(E64*G64,2) -> 0 | K64: =TRUNC(E64*H64,2) -> 0 | L64: =J64+K64 -> 0 | M64: =L64/F64 -> 0
A65: 4.2 | B65: CONCRETO ARMADO - LAJES E PILARES | F65: =SUM(F66:F70) -> 40599.88 | J65: =SUM(J66) -> 0 | K65: =SUM(K66) -> 0 | L65: =SUM(L66) -> 0 | M65: =L65/F65 -> 0
A66: 4.2.1 | B66: MONTAGEM E DESMONTAGEM DE FÔRMA DE PILARES RETANGULARES E ESTRUTURAS SIMILARES, PÉ-DIREITO SIMPLES, EM CHAPA DE MADEIRA COMPENSADA PLASTIFICADA, 12 UTILIZAÇÕES. AF_09/2020 | C66: m² | D66: 319.27 | E66: 40.75 | F66: 13010.25 | G66: 0 | I66: =G66+H66 -> 0 | J66: =TRUNC(E66*G66,2) -> 0 | K66: =TRUNC(E66*H66,2) -> 0 | L66: =J66+K66 -> 0 | M66: =L66/F66 -> 0
A67: 4.2.2 | B67: ARMAÇÃO DE ESTRUTURAS DIVERSAS DE CONCRETO ARMADO, EXCETO VIGAS, PILARES, LAJES E FUNDAÇÕES, UTILIZANDO AÇO CA-50 DE 10,0 MM - MONTAGEM. AF_06/2022 | C67: KG | D67: 1063.91 | E67: 11.49 | F67: 12224.32 | G67: 0 | I67: =G67+H67 -> 0 | J67: =TRUNC(E67*G67,2) -> 0 | K67: =TRUNC(E67*H67,2) -> 0 | L67: =J67+K67 -> 0 | M67: =L67/F67 -> 0
A68: 4.2.3 | B68: ARMAÇÃO DE ESTRUTURAS DIVERSAS DE CONCRETO ARMADO, EXCETO VIGAS, PILARES, LAJES E FUNDAÇÕES, UTILIZANDO AÇO CA-50 DE 12,5 MM - MONTAGEM. AF_06/2022 | C68: KG | D68: 102.27 | E68: 9.57 | F68: 978.72 | G68: 0 | I68: =G68+H68 -> 0 | J68: =TRUNC(E68*G68,2) -> 0 | K68: =TRUNC(E68*H68,2) -> 0 | L68: =J68+K68 -> 0 | M68: =L68/F68 -> 0
A69: 4.2.4 | B69: ARMAÇÃO DE ESTRUTURAS DIVERSAS DE CONCRETO ARMADO, EXCETO VIGAS, PILARES, LAJES E FUNDAÇÕES, UTILIZANDO AÇO CA-60 DE 5,0 MM - MONTAGEM. AF_06/2022 | C69: KG | D69: 404.73 | E69: 15.18 | F69: 6143.8 | G69: 0 | I69: =G69+H69 -> 0 | J69: =TRUNC(E69*G69,2) -> 0 | K69: =TRUNC(E69*H69,2) -> 0 | L69: =J69+K69 -> 0 | M69: =L69/F69 -> 0
A70: 4.2.5 | B70: CONCRETAGEM DE PILARES, FCK = 25 MPA, COM USO DE BOMBA - LANÇAMENTO, ADENSAMENTO E ACABAMENTO. AF_02/2022_PS | C70: m³ | D70: 16.15 | E70: 510.39 | F70: 8242.79 | G70: 0 | I70: =G70+H70 -> 0 | J70: =TRUNC(E70*G70,2) -> 0 | K70: =TRUNC(E70*H70,2) -> 0 | L70: =J70+K70 -> 0 | M70: =L70/F70 -> 0
A71: 4.3 | B71: CONCRETO ARMADO - LAJES DE FORRO | F71: =SUM(F72) -> 55985.86 | J71: =SUM(J72) -> 0 | K71: =SUM(K72) -> 0 | L71: =SUM(L72) -> 0 | M71: =L71/F71 -> 0
A72: 4.3.1 | B72: LAJE PRÉ-MOLDADA P/FORRO, SOBRECARGA 100KG/M², VÃO ATÉ 3,50 M/E = 8CM, COM LAJOTAS E CAPA C/ CONC. FCK=20MPA, 3CM, INTER-EIXO 38CM, C/ESCORAMENTO (REAPR. 3X) E FERRAGEM-PREÇO 02/23 - SINAPI/PB. (M²) | C72: M² | D72: 647.46 | E72: 86.47 | F72: 55985.86 | G72: 0 | H72: 0 | I72: =G72+H72 -> 0 | J72: =TRUNC(E72*G72,2) -> 0 | K72: =TRUNC(E72*H72,2) -> 0 | L72: =J72+K72 -> 0 | M72: =L72/F72 -> 0
A73: 4.4 | B73: CONCRTEO ARMADO - VERGAS E CONTRAVERGAS | F73: =SUM(F74) -> 11806.48 | M73: =L73/F73 -> 0
A74: 4.4.1 | B74: VERGA PRÉ-MOLDADA PARA JANELAS COM MAIS DE 1,5 M DE VÃO. AF_03/2016 | C74: M | D74: 232 | E74: 50.89 | F74: 11806.48 | G74: 0 | H74: 0 | I74: =G74+H74 -> 0 | J74: =TRUNC(E74*G74,2) -> 0 | K74: =TRUNC(E74*H74,2) -> 0 | L74: =J74+K74 -> 0 | M74: =L74/F74 -> 0
A75: 5 | B75: SISTEMA DE VEDAÇÃO VERTICAL | F75: =SUM(F76:F78) -> 53575.28 | K75: =K76 -> 2977.66 | L75: =L76 -> 2977.66
A76: 5.1 | B76: ALVENARIA DE VEDAÇÃO DE BLOCOS CERÂMICOS FURADOS NA VERTICAL DE 9X19X39 CM (ESPESSURA 9 CM) E ARGAMASSA DE ASSENTAMENTO COM PREPARO EM BETONEIRA. AF_12/2021 | C76: m² | D76: 914.03 | E76: 45.43 | F76: 41524.38 | G76: 0 | H76: ='MEMORIA DE CALCULO'!H192 -> 65.544 | I76: =G76+H76 -> 65.544 | J76: =TRUNC(E76*G76,2) -> 0 | K76: =TRUNC(E76*H76,2) -> 2977.66 | L76: =J76+K76 -> 2977.66 | M76: =L76/F76 -> 0.071708717
A77: 5.2 | B77: FIXAÇÃO (ENCUNHAMENTO) DE ALVENARIA DE VEDAÇÃO COM TIJOLO MACIÇO. AF_03/2016 | C77: M | D77: 295.3 | E77: 21.79 | F77: 6434.58 | G77: 0 | H77: 0 | I77: =G77+H77 -> 0 | J77: =TRUNC(E77*G77,2) -> 0 | K77: =TRUNC(E77*H77,2) -> 0 | L77: =J77+K77 -> 0 | M77: =L77/F77 -> 0
A78: 5.3 | B78: DIVISÓRIA DE GRANITO CINZA E=2cm | C78: m² | D78: 12.92 | E78: 434.7 | F78: 5616.32 | G78: 0 | H78: 0 | I78: =G78+H78 -> 0 | J78: =TRUNC(E78*G78,2) -> 0 | K78: =TRUNC(E78*H78,2) -> 0 | L78: =J78+K78 -> 0 | M78: =L78/F78 -> 0
A79: 6 | B79: ESQUADRIAS | F79: =F80+F88+F92+F94+F106 -> 149488.57 | J79: =SUM(J81) -> 0 | K79: =SUM(K81) -> 0 | L79: =SUM(L81) -> 0 | M79: =L79/F79 -> 0
A80: 6.1 | B80: PORTAS DE MADEIRA | F80: =SUM(F81:F87) -> 25618.06 | M80: =L80/F80 -> 0
A81: 6.1.1 | B81: KIT DE PORTA DE MADEIRA PARA PINTURA, SEMI-OCA (LEVE OU MÉDIA), PADRÃO MÉDIO, 80X210CM, ESPESSURA DE 3,5CM, ITENS INCLUSOS: DOBRADIÇAS, MONTAGEM E INSTALAÇÃO DO BATENTE, FECHADURA COM EXECUÇÃO DO FURO - FORNECIMENTO E INSTALAÇÃO. AF_12/2019 | C81: UN | D81: 7 | E81: 894.39 | F81: 6260.73 | G81: 0 | H81: 0 | I81: =G81+H81 -> 0 | J81: =TRUNC(E81*G81,2) -> 0 | K81: =TRUNC(E81*H81,2) -> 0 | L81: =J81+K81 -> 0 | M81: =L81/F81 -> 0
A82: 6.1.2 | B82: KIT DE PORTA DE MADEIRA PARA PINTURA, SEMI-OCA (LEVE OU MÉDIA), PADRÃO POPULAR, 80X210CM, ESPESSURA DE 3,5CM, ITENS INCLUSOS: DOBRADIÇAS, MONTAGEM E INSTALAÇÃO DO BATENTE, FECHADURA COM EXECUÇÃO DO FURO - FORNECIMENTO E INSTALAÇÃO. AF_12/2019 | C82: UN | D82: 7 | E82: 742.48 | F82: 5197.36 | G82: 0 | H82: 0 | I82: =G82+H82 -> 0 | J82: =TRUNC(E82*G82,2) -> 0 | K82: =TRUNC(E82*H82,2) -> 0 | L82: =J82+K82 -> 0 | M82: =L82/F82 -> 0
A83: 6.1.3 | B83: KIT DE PORTA DE MADEIRA PARA PINTURA, SEMI-OCA (LEVE OU MÉDIA), PADRÃO MÉDIO, 80X210CM, ESPESSURA DE 3,5CM, ITENS INCLUSOS: DOBRADIÇAS, MONTAGEM E INSTALAÇÃO DO BATENTE, FECHADURA COM EXECUÇÃO DO FURO - FORNECIMENTO E INSTALAÇÃO. AF_12/2019 | C83: UN | D83: 2 | E83: 894.39 | F83: 1788.78 | G83: 0 | H83: 0 | I83: =G83+H83 -> 0 | J83: =TRUNC(E83*G83,2) -> 0 | K83: =TRUNC(E83*H83,2) -> 0 | L83: =J83+K83 -> 0 | M83: =L83/F83 -> 0
A84: 6.1.4 | B84: PM4 - PORTA DE ABRIR EM MADEIRA PARA PINTURA 0,6 X 2,1M, ESPESSURA DE 3,5 CM, COM VENEZIANA 0,5 X 0,40M, CONFORMA PROJETO, INCLUSO DOBRADIÇAS, BATENTES E FECHADURAS | C84: UN | D84: 1 | E84: 1208.27 | F84: 1208.27 | G84: 0 | H84: 0 | I84: =G84+H84 -> 0 | J84: =TRUNC(E84*G84,2) -> 0 | K84: =TRUNC(E84*H84,2) -> 0 | L84: =J84+K84 -> 0 | M84: =L84/F84 -> 0
A85: 6.1.5 | B85: KIT DE PORTA DE MADEIRA TIPO VENEZIANA, 80X210CM (ESPESSURA DE 3CM), PADRÃO POPULAR, ITENS INCLUSOS: DOBRADIÇAS, MONTAGEM E INSTALAÇÃO DE BATENTE, FECHADURA COM EXECUÇÃO DO FURO - FORNECIMENTO E INSTALAÇÃO. AF_12/2019 | C85: UN | D85: 3 | E85: 1210.94 | F85: 3632.82 | G85: 0 | H85: 0 | I85: =G85+H85 -> 0 | J85: =TRUNC(E85*G85,2) -> 0 | K85: =TRUNC(E85*H85,2) -> 0 | L85: =J85+K85 -> 0 | M85: =L85/F85 -> 0
A86: 6.1.6 | B86: PM6 - PORTA DE ABRIR EM CHAPA DE MADEIRA COMPENSADA PARA BANHEIRO REVESTIDA COM LAMINADO 0,6 X 1,60 M, INCLUSO MARCO E DOBRADIÇAS. (REF. SINAPI/02/2023, SBC 04/2023)(UN) | C86: UN | D86: 3 | E86: 1377.86 | F86: 4133.58 | G86: 0 | H86: 0 | I86: =G86+H86 -> 0 | J86: =TRUNC(E86*G86,2) -> 0 | K86: =TRUNC(E86*H86,2) -> 0 | L86: =J86+K86 -> 0 | M86: =L86/F86 -> 0
A87: 6.1.7 | B87: PM7 - PORTA DE ABRIR EM CHAPA DE MADEIRA COMPENSADA PARA BANHEIRO REVESTIDA COM LAMINADO 0,80 X 1,60 M, INCLUSO MARCO E DOBRADIÇAS | C87: UN | D87: 2 | E87: 1698.26 | F87: 3396.52 | G87: 0 | H87: 0 | I87: =G87+H87 -> 0 | J87: =TRUNC(E87*G87,2) -> 0 | K87: =TRUNC(E87*H87,2) -> 0 | L87: =J87+K87 -> 0 | M87: =L87/F87 -> 0
A88: 6.2 | B88: FERRAGENS E ACESSÓRIOS | F88: =SUM(F89:F91) -> 996.45 | M88: =L88/F88 -> 0
A89: 6.2.1 | B89: PUXADOR PARA PCD, FIXADO NA PORTA - FORNECIMENTO E INSTALAÇÃO. AF_01/2020 | C89: UN | D89: 2 | E89: 278.38 | F89: 556.76 | G89: 0 | H89: 0 | I89: =G89+H89 -> 0 | J89: =TRUNC(E89*G89,2) -> 0 | K89: =TRUNC(E89*H89,2) -> 0 | L89: =J89+K89 -> 0 | M89: =L89/F89 -> 0
A90: 6.2.2 | B90: FECHADURA DE EMBUTIR COMPLETA, TIPO TARJETA LIVRE - OCUPADO | C90: UN | D90: 5 | E90: 48.08 | F90: 240.4 | G90: 0 | H90: 0 | I90: =G90+H90 -> 0 | J90: =TRUNC(E90*G90,2) -> 0 | K90: =TRUNC(E90*H90,2) -> 0 | L90: =J90+K90 -> 0 | M90: =L90/F90 -> 0
A91: 6.2.3 | B91: CHAPA MATÁLICA (ALUMÍNIO) 0,80M 0,40 MM, E= 1MM PARA AS PORTAS | C91: M² | D91: 2.88 | E91: 69.2 | F91: 199.29 | G91: 0 | H91: 0 | I91: =G91+H91 -> 0 | J91: =TRUNC(E91*G91,2) -> 0 | K91: =TRUNC(E91*H91,2) -> 0 | L91: =J91+K91 -> 0 | M91: =L91/F91 -> 0
A92: 6.3 | B92: PORTAS DE ALUMÍNIO | F92: =F93 -> 461.96 | J92: =SUM(J93:J93) -> 0 | K92: =SUM(K93:K93) -> 0 | L92: =SUM(L93:L93) -> 0 | M92: =L92/F92 -> 0
A93: 6.3.1 | B93: Porta em alumínio, cor N/P/B, tipo veneziana (até 50%) e vidro (até 50%), de abrir ou correr, completa, inclusive caixilhos, dobradiças ou roldanas, fechadura exclusive vidro | C93: m² | D93: 1.68 | E93: 274.98 | F93: 461.96 | G93: 0 | H93: 0 | I93: =G93+H93 -> 0 | J93: =TRUNC(E93*G93,2) -> 0 | K93: =TRUNC(E93*H93,2) -> 0 | L93: =J93+K93 -> 0 | M93: =L93/F93 -> 0
A94: 6.4 | B94: JANELAS DE ALUMÍNIO | F94: =SUM(F95:F105) -> 120131.96 | J94: =SUM(J95:J95) -> 0 | K94: =SUM(K95:K95) -> 0 | L94: =SUM(L95:L95) -> 0 | M94: =L94/F94 -> 0
A95: 6.4.1 | B95: JANELA DE ALUMÍNIO TIPO MAXIM-AR, COM VIDROS, BATENTE E FERRAGENS. EXCLUSIVE ALIZAR, ACABAMENTO E CONTRAMARCO. FORNECIMENTO E INSTALAÇÃO. AF_12/2019 | C95: m² | D95: 0.24 | E95: 1295.37 | F95: 310.88 | G95: 0 | H95: 0 | I95: =G95+H95 -> 0 | J95: =TRUNC(E95*G95,2) -> 0 | K95: =TRUNC(E95*H95,2) -> 0 | L95: =J95+K95 -> 0 | M95: =L95/F95 -> 0
A96: 6.4.2 | B96: JANELA DE ALUMÍNIO TIPO MAXIM-AR, COM VIDROS, BATENTE E FERRAGENS. EXCLUSIVE ALIZAR, ACABAMENTO E CONTRAMARCO. FORNECIMENTO E INSTALAÇÃO. AF_12/2019 | C96: m² | D96: 1.08 | E96: 1295.37 | F96: 1398.99 | G96: 0 | H96: 0 | I96: =G96+H96 -> 0 | J96: =TRUNC(E96*G96,2) -> 0 | K96: =TRUNC(E96*H96,2) -> 0 | L96: =J96+K96 -> 0 | M96: =L96/F96 -> 0
A97: 6.4.3 | B97: JANELA DE ALUMÍNIO TIPO MAXIM-AR, COM VIDROS, BATENTE E FERRAGENS. EXCLUSIVE ALIZAR, ACABAMENTO E CONTRAMARCO. FORNECIMENTO E INSTALAÇÃO. AF_12/2019 | C97: m² | D97: 3.2 | E97: 1295.37 | F97: 4145.18 | G97: 0 | H97: 0 | I97: =G97+H97 -> 0 | J97: =TRUNC(E97*G97,2) -> 0 | K97: =TRUNC(E97*H97,2) -> 0 | L97: =J97+K97 -> 0 | M97: =L97/F97 -> 0
A98: 6.4.4 | B98: JANELA DE ALUMÍNIO DE CORRER COM 2 FOLHAS PARA VIDROS, COM VIDROS, BATENTE, ACABAMENTO COM ACETATO OU BRILHANTE E FERRAGENS. EXCLUSIVE ALIZAR E CONTRAMARCO. FORNECIMENTO E INSTALAÇÃO. AF_12/2019 | C98: m² | D98: 0.6 | E98: 688.71 | F98: 413.22 | G98: 0 | H98: 0 | I98: =G98+H98 -> 0 | J98: =TRUNC(E98*G98,2) -> 0 | K98: =TRUNC(E98*H98,2) -> 0 | L98: =J98+K98 -> 0 | M98: =L98/F98 -> 0
A99: 6.4.5 | B99: JANELA DE ALUMÍNIO DE CORRER COM 2 FOLHAS PARA VIDROS, COM VIDROS, BATENTE, ACABAMENTO COM ACETATO OU BRILHANTE E FERRAGENS. EXCLUSIVE ALIZAR E CONTRAMARCO. FORNECIMENTO E INSTALAÇÃO. AF_12/2019 | C99: m² | D99: 6 | E99: 688.71 | F99: 4132.26 | G99: 0 | H99: 0 | I99: =G99+H99 -> 0 | J99: =TRUNC(E99*G99,2) -> 0 | K99: =TRUNC(E99*H99,2) -> 0 | L99: =J99+K99 -> 0 | M99: =L99/F99 -> 0
A100: 6.4.6 | B100: JANELA DE ALUMÍNIO TIPO MAXIM-AR, COM VIDROS, BATENTE E FERRAGENS. EXCLUSIVE ALIZAR, ACABAMENTO E CONTRAMARCO. FORNECIMENTO E INSTALAÇÃO. AF_12/2019 | C100: m² | D100: 3.3 | E100: 1295.37 | F100: 4274.72 | G100: 0 | H100: 0 | I100: =G100+H100 -> 0 | J100: =TRUNC(E100*G100,2) -> 0 | K100: =TRUNC(E100*H100,2) -> 0 | L100: =J100+K100 -> 0 | M100: =L100/F100 -> 0
A101: 6.4.7 | B101: JANELA DE ALUMÍNIO TIPO MAXIM-AR, COM VIDROS, BATENTE E FERRAGENS. EXCLUSIVE ALIZAR, ACABAMENTO E CONTRAMARCO. FORNECIMENTO E INSTALAÇÃO. AF_12/2019 | C101: m² | D101: 8.8 | E101: 1295.37 | F101: 11399.25 | G101: 0 | H101: 0 | I101: =G101+H101 -> 0 | J101: =TRUNC(E101*G101,2) -> 0 | K101: =TRUNC(E101*H101,2) -> 0 | L101: =J101+K101 -> 0 | M101: =L101/F101 -> 0
A102: 6.4.8 | B102: JANELA DE ALUMÍNIO TIPO MAXIM-AR, COM VIDROS, BATENTE E FERRAGENS. EXCLUSIVE ALIZAR, ACABAMENTO E CONTRAMARCO. FORNECIMENTO E INSTALAÇÃO. AF_12/2019 | C102: m² | D102: 67.76 | E102: 1295.37 | F102: 87774.27 | G102: 0 | H102: 0 | I102: =G102+H102 -> 0 | J102: =TRUNC(E102*G102,2) -> 0 | K102: =TRUNC(E102*H102,2) -> 0 | L102: =J102+K102 -> 0 | M102: =L102/F102 -> 0
A103: 6.4.9 | B103: JANELA DE ALUMÍNIO, TIPO VENEZIANA | C103: m² | D103: 6.48 | E103: 483.96 | F103: 3136.06 | G103: 0 | H103: 0 | I103: =G103+H103 -> 0 | J103: =TRUNC(E103*G103,2) -> 0 | K103: =TRUNC(E103*H103,2) -> 0 | L103: =J103+K103 -> 0 | M103: =L103/F103 -> 0
A104: 6.4.10 | B104: JANELA FIXA DE ALUMÍNIO PARA VIDRO, COM VIDRO, BATENTE E FERRAGENS. EXCLUSIVE ACABAMENTO, ALIZAR E CONTRAMARCO. FORNECIMENTO E INSTALAÇÃO. AF_12/2019 | C104: m² | D104: 1.98 | E104: 1468.47 | F104: 2907.57 | G104: 0 | H104: 0 | I104: =G104+H104 -> 0 | J104: =TRUNC(E104*G104,2) -> 0 | K104: =TRUNC(E104*H104,2) -> 0 | L104: =J104+K104 -> 0 | M104: =L104/F104 -> 0
A105: 6.4.11 | B105: Tela de nylon tipo mosquiteiro com moldura em madeira, para esquadrias - Rev 01 | C105: m² | D105: 4.2 | E105: 57.04 | F105: 239.56 | G105: 0 | H105: 0 | I105: =G105+H105 -> 0 | J105: =TRUNC(E105*G105,2) -> 0 | K105: =TRUNC(E105*H105,2) -> 0 | L105: =J105+K105 -> 0 | M105: =L105/F105 -> 0
A106: 6.5 | B106: VIDROS | F106: =SUM(F107:F108) -> 2280.14 | M106: =L106/F106 -> 0
A107: 6.5.1 | B107: VIDRO TEMPERADO INCOLOR C/MASSA E=6MM, COLOCADO | C107: m² | D107: 1.98 | E107: 241.08 | F107: 477.33 | G107: 0 | H107: 0 | I107: =G107+H107 -> 0 | J107: =TRUNC(E107*G107,2) -> 0 | K107: =TRUNC(E107*H107,2) -> 0 | L107: =J107+K107 -> 0 | M107: =L107/F107 -> 0
...

Sheet MEMORIA DE CALCULO
A3: OBRA: | C3: CONTRATAÇÃO DE EMPRESA PARA CONSTRUÇÃO DE UMA ESCOLA COM 6 SALAS DE AULA.
A4: MUNICÍPIO: | C4: MOGEIRO - PB
A5: LICITAÇÃO Nº: | C5: PROCESSO LICITATÓRIO Nº 004/2024 - CONCORRÊNCIA Nº 004/2024
A6: MODALIDADE: | C6: ESCOLA | G6: DATA: | H6: 45777
A8: MEMÓRIA DE CÁLCULO - CONSTRUÇÃO - BM 02 - PERÍODO: 01/03/2025 A 30/04/2025
A10: 1.1 | C10: =VLOOKUP(A10,'Orçamento Sintético'!A4:D301,4,0) -> Placa de obra em chapa aço galvanizado, instalada - Rev 02_01/2022 | F10: TOTAL MED 01 | H10: =H16 -> 10
F11: Acum. Med. Anteriores
F12: total planilha | H12: ='Orçamento Sintético'!F7 -> 10
F13: MEDIDO NA BM | H13: =H16 -> 10
F14: saldo | H14: =H12-H13 -> 0
D15: COMP | E15: ALTURA | F15: LARG | G15: QUANT
B16: MED 01 | C16: obra da escola | E16: 2 | F16: 5 | H16: =E16*F16 -> 10
A21: 1.2 | C21: =VLOOKUP(A21,'Orçamento Sintético'!A:J,4,0) -> TAPUME COM COMPENSADO DE MADEIRA. AF_05/2018 | F21: TOTAL MED 01 | H21: =H27 -> 176
F22: Acum. Med. Anteriores
F23: total planilha | H23: 176
F24: MEDIDO NA BM | H24: =H27 -> 176
F25: saldo | H25: =H23-H24 -> 0
D26: COMP | E26: ALTURA | F26: LARG | G26: QUANT
B27: MED 01 | C27: obra da escola | G27: 176 | H27: =G27 -> 176
A29: 1.7 | C29: =VLOOKUP(A29,'Orçamento Sintético'!A:J,4,0) -> EXECUÇÃO DE ESCRITÓRIO EM CANTEIRO DE OBRA EM CHAPA DE MADEIRA COMPENSADA, NÃO INCLUSO MOBILIÁRIO E EQUIPAMENTOS. AF_02/2016 | F29: TOTAL MED 01 | H29: =H35 -> 20
F30: Acum. Med. Anteriores
F31: total planilha | H31: 20
F32: MEDIDO NA BM | H32: =H35 -> 20
F33: saldo | H33: =H31-H32 -> 0
D34: COMP | E34: ALTURA | F34: LARG | G34: QUANT
B35: MED 01 | C35: escritório | G35: 20 | H35: =G35 -> 20
A37: 1.8 | C37: =VLOOKUP(A37,'Orçamento Sintético'!A:J,4,0) -> EXECUÇÃO DE DEPÓSITO EM CANTEIRO DE OBRA EM CHAPA DE MADEIRA COMPENSADA, NÃO INCLUSO MOBILIÁRIO. AF_04/2016 | F37: TOTAL MED 01 | H37: =H43 -> 20
F38: Acum. Med. Anteriores
F39: total planilha | H39: 20
F40: MEDIDO NA BM | H40: =H43 -> 20
F41: saldo | H41: =H39-H40 -> 0
D42: COMP | E42: ALTURA | F42: LARG | G42: QUANT
B43: MED 01 | C43: depósito | G43: 20 | H43: =G43 -> 20
A45: 1.10 | C45: =VLOOKUP(A45,'Orçamento Sintético'!A:J,4,0) -> LIMPEZA MECANIZADA DE CAMADA VEGETAL, VEGETAÇÃO E PEQUENAS ÁRVORES (DIÂMETRO DE TRONCO MENOR QUE 0,20 M), COM TRATOR DE ESTEIRAS.AF_05/2018 | F45: TOTAL MED 01 | H45: =H51 -> 4000
F46: Acum. Med. Anteriores
F47: total planilha | H47: 4000
F48: MEDIDO NA BM | H48: =H51 -> 4000
F49: saldo | H49: =H47-H48 -> 0
D50: COMP | E50: ALTURA | F50: LARG | G50: QUANT
B51: MED 01 | C51: Limpeza de obra | G51: 4000 | H51: =G51 -> 4000
A53: 1.3 | C53: =VLOOKUP(A53,'Orçamento Sintético'!A:J,4,0) -> INSTALAÇÕES PROVISÓRIAS DE LUZ , FORÇA,TELEFONE E LÓGICA | F53: TOTAL MED 02 | H53: =H55 -> 1
F54: Acum. Med. Anteriores
F55: total planilha | H55: ='Orçamento Sintético'!F9 -> 1
F56: MEDIDO NA BM | H56: =H59 -> 1
F57: saldo | H57: =H55-H56 -> 0
D58: COMP | E58: ALTURA | F58: LARG | G58: QUANT
B59: MED 02 | C59: Instalação provisória de luz | G59: 1 | H59: =G59 -> 1
A61: 1.4 | C61: =VLOOKUP(A61,'Orçamento Sintético'!A:J,4,0) -> EXECUÇÃO DE RESERVATÓRIO ELEVADO DE ÁGUA (1000 LITROS) EM CANTEIRO DE OBRA, APOIADO EM ESTRUTURA DE MADEIRA. AF_02/2016_PA | F61: TOTAL MED 02 | H61: =H67 -> 1
F62: Acum. Med. Anteriores
F63: total planilha | H63: ='Orçamento Sintético'!F10 -> 1
F64: MEDIDO NA BM | H64: =H67 -> 1
F65: saldo | H65: =H63-H64 -> 0
D66: COMP | E66: ALTURA | F66: LARG | G66: QUANT
B67: MED 02 | C67: Reservatório de água | G67: 1 | H67: =G67 -> 1
A69: 1.5 | C69: =VLOOKUP(A69,'Orçamento Sintético'!A:J,4,0) -> FOSSA SÉPTICA E SUMIDOURO EM ALVENARIA | F69: TOTAL MED 02 | H69: =H75 -> 1
F70: Acum. Med. Anteriores
F71: total planilha | H71: ='Orçamento Sintético'!F11 -> 1
F72: MEDIDO NA BM | H72: =H75 -> 1
F73: saldo | H73: =H71-H72 -> 0
D74: COMP | E74: ALTURA | F74: LARG | G74: QUANT
B75: MED 02 | C75: Fossa e Sumidouro | G75: 1 | H75: =G75 -> 1
A77: 1.6 | C77: =VLOOKUP(A77,'Orçamento Sintético'!A:J,4,0) -> EXECUÇÃO DE SANITÁRIO E VESTIÁRIO EM CANTEIRO DE OBRA EM CHAPA DE MADEIRA COMPENSADA, NÃO INCLUSO MOBILIÁRIO. AF_02/2016 | F77: TOTAL MED 02 | H77: =H83 -> 2.52
F78: Acum. Med. Anteriores
F79: total planilha | H79: =VLOOKUP(A77,'Orçamento Sintético'!A:J,6,0) -> 2.52
F80: MEDIDO NA BM | H80: =H83 -> 2.52
F81: saldo | H81: =H79-H80 -> 0
D82: COMP | E82: ALTURA | F82: LARG | G82: QUANT
B83: MED 02 | C83: sanitário | G83: 2.52 | H83: =G83 -> 2.52
A85: 1.9 | C85: =VLOOKUP(A85,'Orçamento Sintético'!A:J,4,0) -> LOCAÇÃO DA OBRA - EXECUÇÃO DE GABARITO | F85: TOTAL MED 02 | H85: =SUM(H91:H92) -> 742.7912
F86: Acum. Med. Anteriores
F87: total planilha | H87: =VLOOKUP(A85,'Orçamento Sintético'!A:J,6,0) -> 1129.64
F88: MEDIDO NA BM | H88: =H91+H92 -> 742.7912
F89: saldo | H89: =H87-H88 -> 386.8488
D90: COMP | E90: ALTURA | F90: LARG | G90: QUANT
B91: MED 02 | C91: locação bloco pedagógico | D91: 57.16 | F91: 7.82 | H91: =D91*F91 -> 446.9912
C92: locação patio coberto | D92: 17.4 | F92: 17 | H92: =F92*D92 -> 295.8
A94: 2.1 | C94: =VLOOKUP(A94,'Orçamento Sintético'!A:J,4,0) -> ATERRO MANUAL DE VALAS COM SOLO ARGILO-ARENOSO E COMPACTAÇÃO MECANIZADA. AF_05/2016 | F94: TOTAL MED 02 | H94: =SUM(H100:H101) -> 54.3828
F95: Acum. Med. Anteriores
F96: total planilha | H96: =VLOOKUP(A94,'Orçamento Sintético'!A:J,6,0) -> 168.5
F97: MEDIDO NA BM | H97: =H100+H101 -> 54.3828
F98: saldo | H98: =H96-H97 -> 114.1172
D99: COMP | E99: ALTURA | F99: LARG | G99: QUANT
B100: MED 02 | C100: aterro sapatas pedagógico | D100: 1.1 | E100: 1.1 | F100: 0.66 | G100: 58 | H100: =G100*F100*E100*D100 -> 46.3188
D101: 0.8 | E101: 0.7 | F101: 0.8 | G101: 18 | H101: =G101*F101*E101*D101 -> 8.064
A103: 2.2 | C103: =VLOOKUP(A103,'Orçamento Sintético'!A:J,4,0) -> ESCAVAÇÃO MANUAL DE VALA COM PROFUNDIDADE MENOR OU IGUAL A 1,30 M. AF_02/2021 | F103: TOTAL MED 02 | H103: =SUM(H109:H112) -> 79.4944
F104: Acum. Med. Anteriores
F105: total planilha | H105: =VLOOKUP(A103,'Orçamento Sintético'!A:J,6,0) -> 94.33
F106: MEDIDO NA BM | H106: =SUM(H109:H112) -> 79.4944
F107: saldo | H107: =H105-H106 -> 14.8356
D108: COMP | E108: ALTURA | F108: LARG | G108: QUANT
B109: MED 02 | C109: escavação sapatas pedagógico | D109: 1 | E109: 0.7 | F109: 1 | G109: 58 | H109: =D109*E109*F109*G109 -> 40.6
C110: valas pedagógico | D110: 129.96 | E110: 0.4 | F110: 0.4 | H110: =D110*E110*F110 -> 20.7936
C111: escavação sapatas patio | D111: 0.8 | E111: 0.7 | F111: 0.8 | G111: 18 | H111: =D111*E111*F111*G111 -> 8.064
C112: valas patio | D112: =13.2+33.33+16.2 -> 62.73 | E112: 0.4 | F112: 0.4 | H112: =D112*E112*F112 -> 10.0368
A114: 3.1.1 | C114: =VLOOKUP(A114,'Orçamento Sintético'!A:J,4,0) -> LASTRO DE CONCRETO MAGRO, APLICADO EM BLOCOS DE COROAMENTO OU SAPATAS, ESPESSURA DE 5 CM. AF_08/2017 | F114: TOTAL MED 02 | H114: =SUM(H120:H121) -> 26.434
F115: Acum. Med. Anteriores
F116: total planilha | H116: =VLOOKUP(A114,'Orçamento Sintético'!A:J,6,0) -> 61.88
F117: MEDIDO NA BM | H117: =SUM(H120:H121) -> 26.434
F118: saldo | H118: =H116-H117 -> 35.446
D119: COMP | E119: ALTURA | F119: LARG | G119: QUANT | L119: =15+4+10+9+9+2+2+2+2+3 -> 58
...

Sheet FOTOGRÁFICO
A1: MEMÓRIA FOTOGRÁFICA
B14: 1.3 | C14: =VLOOKUP(B14,'Orçamento Sintético'!A:J,4,0) -> INSTALAÇÕES PROVISÓRIAS DE LUZ , FORÇA,TELEFONE E LÓGICA | J14: 1.4 | K14: =VLOOKUP(J14,'Orçamento Sintético'!A:J,4,0) -> EXECUÇÃO DE RESERVATÓRIO ELEVADO DE ÁGUA (1000 LITROS) EM CANTEIRO DE OBRA, APOIADO EM ESTRUTURA DE MADEIRA. AF_02/2016_PA
B27: 1.5 | C27: =VLOOKUP(B27,'Orçamento Sintético'!A:J,4,0) -> FOSSA SÉPTICA E SUMIDOURO EM ALVENARIA | J27: 1.6 | K27: =VLOOKUP(J27,'Orçamento Sintético'!A:J,4,0) -> EXECUÇÃO DE SANITÁRIO E VESTIÁRIO EM CANTEIRO DE OBRA EM CHAPA DE MADEIRA COMPENSADA, NÃO INCLUSO MOBILIÁRIO. AF_02/2016
B40: 1.9 | C40: =VLOOKUP(B40,'Orçamento Sintético'!A:J,4,0) -> LOCAÇÃO DA OBRA - EXECUÇÃO DE GABARITO | J40: 2.1 | K40: =VLOOKUP(J40,'Orçamento Sintético'!A:J,4,0) -> ATERRO MANUAL DE VALAS COM SOLO ARGILO-ARENOSO E COMPACTAÇÃO MECANIZADA. AF_05/2016
B53: 2.2 | C53: =VLOOKUP(B53,'Orçamento Sintético'!A:J,4,0) -> ESCAVAÇÃO MANUAL DE VALA COM PROFUNDIDADE MENOR OU IGUAL A 1,30 M. AF_02/2021 | J53: 3.1.1 | K53: =VLOOKUP(J53,'Orçamento Sintético'!A:J,4,0) -> LASTRO DE CONCRETO MAGRO, APLICADO EM BLOCOS DE COROAMENTO OU SAPATAS, ESPESSURA DE 5 CM. AF_08/2017
B66: 3.1.2 | C66: =VLOOKUP(B66,'Orçamento Sintético'!A:J,4,0) -> FABRICAÇÃO, MONTAGEM E DESMONTAGEM DE FÔRMA PARA SAPATA, EM MADEIRA SERRADA, E=25 MM, 4 UTILIZAÇÕES. AF_06/2017 | J66: 3.1.5 | K66: =VLOOKUP(J66,'Orçamento Sintético'!A:J,4,0) -> ARMAÇÃO DE ESTRUTURAS DIVERSAS DE CONCRETO ARMADO, EXCETO VIGAS, PILARES, LAJES E FUNDAÇÕES, UTILIZANDO AÇO CA-50 DE 10,0 MM - MONTAGEM. AF_06/2022
B79: 3.1.7 | C79: =VLOOKUP(B79,'Orçamento Sintético'!A:J,4,0) -> ARMAÇÃO DE ESTRUTURAS DIVERSAS DE CONCRETO ARMADO, EXCETO VIGAS, PILARES, LAJES E FUNDAÇÕES, UTILIZANDO AÇO CA-60 DE 5,0 MM - MONTAGEM. AF_06/2022 | J79: 3.1.8 | K79: =VLOOKUP(J79,'Orçamento Sintético'!A:J,4,0) -> CONCRETAGEM DE SAPATAS, FCK 30 MPA, COM USO DE BOMBA  LANÇAMENTO, ADENSAMENTO E ACABAMENTO. AF_11/2016
B92: 3.2.1 | C92: =VLOOKUP(B92,'Orçamento Sintético'!A:J,4,0) -> FABRICAÇÃO, MONTAGEM E DESMONTAGEM DE FÔRMA PARA VIGA BALDRAME, EM MADEIRA SERRADA, E=25 MM, 4 UTILIZAÇÕES. AF_06/2017 | J92: 3.2.3 | K92: =VLOOKUP(J92,'Orçamento Sintético'!A:J,4,0) -> ARMAÇÃO DE ESTRUTURAS DIVERSAS DE CONCRETO ARMADO, EXCETO VIGAS, PILARES, LAJES E FUNDAÇÕES, UTILIZANDO AÇO CA-50 DE 8,0 MM - MONTAGEM. AF_06/2022
B105: 3.2.5 | C105: =VLOOKUP(B105,'Orçamento Sintético'!A:J,4,0) -> ARMAÇÃO DE ESTRUTURAS DIVERSAS DE CONCRETO ARMADO, EXCETO VIGAS, PILARES, LAJES E FUNDAÇÕES, UTILIZANDO AÇO CA-60 DE 5,0 MM - MONTAGEM. AF_06/2022 | J105: 3.2.6 | K105: =VLOOKUP(J105,'Orçamento Sintético'!A:J,4,0) -> CONCRETAGEM DE BLOCOS DE COROAMENTO E VIGAS BALDRAMES, FCK 30 MPA, COM USO DE BOMBA  LANÇAMENTO, ADENSAMENTO E ACABAMENTO. AF_06/2017
B118: 5.1 | C118: =VLOOKUP(B118,'Orçamento Sintético'!A:J,4,0) -> ALVENARIA DE VEDAÇÃO DE BLOCOS CERÂMICOS FURADOS NA VERTICAL DE 9X19X39 CM (ESPESSURA 9 CM) E ARGAMASSA DE ASSENTAMENTO COM PREPARO EM BETONEIRA. AF_12/2021 | J118: 8.1 | K118: =VLOOKUP(J118,'Orçamento Sintético'!A:J,4,0) -> TINTA DE BASE ASFÁLTICA 2 DEMÃOS C/BROXA
